Workbook
Name DUREE: 'INSTRUCTIONS & EXAMPLE'!$P$6
Name DUREE: 'TECHNICAL REQUIREMENTS - PRIM'!$P$6
Name EQUIP_PPI: Tarifs!$A$4:$A$10
Name EQUIP_PPS: Tarifs!$A$13:$A$18
Name EQUIP_TOURNAGE: Tarifs!$A$48:$A$83
Name EQUIP_TR: Tarifs!$A$21
Name LTO: Tarifs!$F$23:$F$24
Name PROGRAMME: Tarifs!$A$94:$A$104
Name RABAIS: Tarifs!$B$95:$C$104
Name Supports: Tarifs!$A$86:$A$92
Name Tech_Ass: Tarifs!$D$3:$G$3
Name Tech_colo1: Tarifs!$D$6:$G$6
Name Tech_Colo2: Tarifs!$D$7:$G$7
Name Tech_edit: Tarifs!$D$15:$F$15
Name Tech_Labo: Tarifs!$D$13:$G$13
Name Tech_MixCine: Tarifs!$D$16:$G$16
Name Tech_Montage: Tarifs!$D$4:$G$4
Name Tech_online: Tarifs!$D$5:$G$5
Name Tech_VR: Tarifs!$D$8:$G$8
Name Techs_image: Tarifs!$A$35:$A$40
Name Techs_Images_Tarifs: Tarifs!$A$35:$B$40
Name Techs_son: Tarifs!$A$41:$A$44
Name Techs_son_Tarifs: Tarifs!$A$41:$B$44
Name Techs_TR: Tarifs!$A$45
Name UNIT_Tournage: Tarifs!$E$37:$E$40
Name VALEURS_FORMULAIRE: 'INSTRUCTIONS & EXAMPLE'!#REF!
Name VALEURS_FORMULAIRE: 'TECHNICAL REQUIREMENTS - PRIM'!#REF!

Sheet TECHNICAL REQUIREMENTS - PRIM
C2: This tool is intended to help PRIM members calculate their budget independently. It should never be considered as a commitment of PRIM. A more accurate evaluation will be made by PRIM during the booking process. Rates from March 1, 2027. Rates subject to change.
O3: Support Program: | P3: Choose the program from the list
O4: Project Title:
A5: ESTIMATING TECHNICAL REQUIREMENTS | O5: Artist's name:
O6: Duration of the work: | Q6: min. | S6: Pratique :
C7: Support program discounts do not apply if you work with an external technician (except image editing rooms, VR room, and sound editing studio) | O7: Valeur Résidence ou prix : | T7: =IFERROR(VLOOKUP($T$6,Tarifs!$A$110:$E$114,IF(DUREE<60,3,5),FALSE),"")
O8: Honoraires tech. Inclus :
AA10: Validation | AB10: Aides programmes | AC10: Aide residence | AD10: Solde Res | AE10: Différence | AF10: TOTAL AIDE SALLES | AG10: Aide Tech Res | AH10: Solde techs | AI10: TOTAL AIDE TECHS
A11: FILMING EQUIPMENT RENTAL | G11: Équipements | Z11: =IF(Tarifs!$D$96=Tarifs!$B$102,"TOTAL Payable by the organization", "TOTAL Payable by the artist") -> TOTAL Payable by the artist | AB11: 0.5 | AE11: 0.5
A12: Equipment | C12: Qt | E12: Duration | G12: Rate | I12: Costs | K12: =IFERROR(IF(OR($P$3=Tarifs!$A$94,$P$3=Tarifs!$A$95),"PRIM Support","PRIM Support "&VLOOKUP($P$3,Tarifs!$A$94:$C$104,3,FALSE)*100&"%"),"PRIM Support") -> PRIM Support | M12: Payable | AC12: 0 | AD12: =P7 -> 0 | AH12: =P8 -> 0
F13: x | G13: =IF(OR(A13="",E13=""),0,(VLOOKUP(A13,Tarifs!A$48:E$83,IF(E13="Day",2,IF(E13="Weekend",3,IF(E13="Week",4,IF(E13="Month",5,"")))),FALSE))) -> 0 | H13: = | I13: =C13*G13 -> 0 | J13: - | K13: =AI13 -> 0 | L13: = | M13: =I13-K13 -> 0 | Z13: =M13 -> 0 | AB13: =IF(OR($P$3=Tarifs!$A$94,$P$3=Tarifs!$A$95,$P$3=Tarifs!$A$95,$P$3=Tarifs!$A$104),0,I13*IFERROR(VLOOKUP(Tarifs!D$96,RABAIS,2,FALSE),0)) -> 0 | AC13: =IF($P$3=Tarifs!$A$104,IF(OR($P$7=0,I13<=AD12),I13,AD12),0) -> 0 | AD13: =AD12-AC13 -> 0 | AE13: =(I13-AC13)*$AE$11 -> 0 | AF13: =IF(Tarifs!D$96=8,AC13+AE13,AB13) -> 0 | AG13: 0 | AH13: =AH12-AG13 -> 0 | AI13: =IF($P$3=Tarifs!$A$104,AC13+AE13,AB13) -> 0
F14: x | G14: =IF(OR(A14="",E14=""),0,(VLOOKUP(A14,Tarifs!A$48:E$83,IF(E14="Day",2,IF(E14="Weekend",3,IF(E14="Week",4,IF(E14="Month",5,"")))),FALSE))) -> 0 | H14: = | I14: =C14*G14 -> 0 | J14: - | K14: =AI14 -> 0 | L14: = | M14: =I14-K14 -> 0 | Z14: =M14 -> 0 | AB14: =IF(OR($P$3=Tarifs!$A$94,$P$3=Tarifs!$A$95,$P$3=Tarifs!$A$95,$P$3=Tarifs!$A$104),0,I14*IFERROR(VLOOKUP(Tarifs!D$96,RABAIS,2,FALSE),0)) -> 0 | AC14: =IF($P$3=Tarifs!$A$104,IF(OR($P$7=0,I14<=AD13),I14,AD13),0) -> 0 | AD14: =AD13-AC14 -> 0 | AE14: =(I14-AC14)*$AE$11 -> 0 | AF14: =IF(Tarifs!D$96=8,AC14+AE14,AB14) -> 0 | AG14: 0 | AH14: =AH13-AG14 -> 0 | AI14: =IF($P$3=Tarifs!$A$104,AC14+AE14,AB14) -> 0
F15: x | G15: =IF(OR(A15="",E15=""),0,(VLOOKUP(A15,Tarifs!A$48:E$83,IF(E15="Day",2,IF(E15="Weekend",3,IF(E15="Week",4,IF(E15="Month",5,"")))),FALSE))) -> 0 | H15: = | I15: =C15*G15 -> 0 | J15: - | K15: =AI15 -> 0 | L15: = | M15: =I15-K15 -> 0 | Z15: =M15 -> 0 | AB15: =IF(OR($P$3=Tarifs!$A$94,$P$3=Tarifs!$A$95,$P$3=Tarifs!$A$95,$P$3=Tarifs!$A$104),0,I15*IFERROR(VLOOKUP(Tarifs!D$96,RABAIS,2,FALSE),0)) -> 0 | AC15: =IF($P$3=Tarifs!$A$104,IF(OR($P$7=0,I15<=AD14),I15,AD14),0) -> 0 | AD15: =AD14-AC15 -> 0 | AE15: =(I15-AC15)*$AE$11 -> 0 | AF15: =IF(Tarifs!D$96=8,AC15+AE15,AB15) -> 0 | AG15: 0 | AH15: =AH14-AG15 -> 0 | AI15: =IF($P$3=Tarifs!$A$104,AC15+AE15,AB15) -> 0
F16: x | G16: =IF(OR(A16="",E16=""),0,(VLOOKUP(A16,Tarifs!A$48:E$83,IF(E16="Day",2,IF(E16="Weekend",3,IF(E16="Week",4,IF(E16="Month",5,"")))),FALSE))) -> 0 | H16: = | I16: =C16*G16 -> 0 | J16: - | K16: =AI16 -> 0 | L16: = | M16: =I16-K16 -> 0 | Z16: =M16 -> 0 | AB16: =IF(OR($P$3=Tarifs!$A$94,$P$3=Tarifs!$A$95,$P$3=Tarifs!$A$95,$P$3=Tarifs!$A$104),0,I16*IFERROR(VLOOKUP(Tarifs!D$96,RABAIS,2,FALSE),0)) -> 0 | AC16: =IF($P$3=Tarifs!$A$104,IF(OR($P$7=0,I16<=AD15),I16,AD15),0) -> 0 | AD16: =AD15-AC16 -> 0 | AE16: =(I16-AC16)*$AE$11 -> 0 | AF16: =IF(Tarifs!D$96=8,AC16+AE16,AB16) -> 0 | AG16: 0 | AH16: =AH15-AG16 -> 0 | AI16: =IF($P$3=Tarifs!$A$104,AC16+AE16,AB16) -> 0
F17: x | G17: =IF(OR(A17="",E17=""),0,(VLOOKUP(A17,Tarifs!A$48:E$83,IF(E17="Day",2,IF(E17="Weekend",3,IF(E17="Week",4,IF(E17="Month",5,"")))),FALSE))) -> 0 | H17: = | I17: =C17*G17 -> 0 | J17: - | K17: =AI17 -> 0 | L17: = | M17: =I17-K17 -> 0 | Z17: =M17 -> 0 | AB17: =IF(OR($P$3=Tarifs!$A$94,$P$3=Tarifs!$A$95,$P$3=Tarifs!$A$95,$P$3=Tarifs!$A$104),0,I17*IFERROR(VLOOKUP(Tarifs!D$96,RABAIS,2,FALSE),0)) -> 0 | AC17: =IF($P$3=Tarifs!$A$104,IF(OR($P$7=0,I17<=AD16),I17,AD16),0) -> 0 | AD17: =AD16-AC17 -> 0 | AE17: =(I17-AC17)*$AE$11 -> 0 | AF17: =IF(Tarifs!D$96=8,AC17+AE17,AB17) -> 0 | AG17: 0 | AH17: =AH16-AG17 -> 0 | AI17: =IF($P$3=Tarifs!$A$104,AC17+AE17,AB17) -> 0
F18: x | G18: =IF(OR(A18="",E18=""),0,(VLOOKUP(A18,Tarifs!A$48:E$83,IF(E18="Day",2,IF(E18="Weekend",3,IF(E18="Week",4,IF(E18="Month",5,"")))),FALSE))) -> 0 | H18: = | I18: =C18*G18 -> 0 | J18: - | K18: =AI18 -> 0 | L18: = | M18: =I18-K18 -> 0 | Z18: =M18 -> 0 | AB18: =IF(OR($P$3=Tarifs!$A$94,$P$3=Tarifs!$A$95,$P$3=Tarifs!$A$95,$P$3=Tarifs!$A$104),0,I18*IFERROR(VLOOKUP(Tarifs!D$96,RABAIS,2,FALSE),0)) -> 0 | AC18: =IF($P$3=Tarifs!$A$104,IF(OR($P$7=0,I18<=AD17),I18,AD17),0) -> 0 | AD18: =AD17-AC18 -> 0 | AE18: =(I18-AC18)*$AE$11 -> 0 | AF18: =IF(Tarifs!D$96=8,AC18+AE18,AB18) -> 0 | AG18: 0 | AH18: =AH17-AG18 -> 0 | AI18: =IF($P$3=Tarifs!$A$104,AC18+AE18,AB18) -> 0
F19: x | G19: =IF(OR(A19="",E19=""),0,(VLOOKUP(A19,Tarifs!A$48:E$83,IF(E19="Day",2,IF(E19="Weekend",3,IF(E19="Week",4,IF(E19="Month",5,"")))),FALSE))) -> 0 | H19: = | I19: =C19*G19 -> 0 | J19: - | K19: =AI19 -> 0 | L19: = | M19: =I19-K19 -> 0 | Z19: =M19 -> 0 | AB19: =IF(OR($P$3=Tarifs!$A$94,$P$3=Tarifs!$A$95,$P$3=Tarifs!$A$95,$P$3=Tarifs!$A$104),0,I19*IFERROR(VLOOKUP(Tarifs!D$96,RABAIS,2,FALSE),0)) -> 0 | AC19: =IF($P$3=Tarifs!$A$104,IF(OR($P$7=0,I19<=AD18),I19,AD18),0) -> 0 | AD19: =AD18-AC19 -> 0 | AE19: =(I19-AC19)*$AE$11 -> 0 | AF19: =IF(Tarifs!D$96=8,AC19+AE19,AB19) -> 0 | AG19: 0 | AH19: =AH18-AG19 -> 0 | AI19: =IF($P$3=Tarifs!$A$104,AC19+AE19,AB19) -> 0
A20: TOTAL LOCATION ÉQUIPEMENTS DE TOURNAGE | I20: =SUM(I13:I19) -> 0 | J20: - | K20: =SUM(K13:K19) -> 0 | L20: = | M20: =SUM(M13:M19) -> 0 | Z20: =SUM(Z13:Z19) -> 0
A22: IMAGE POST-PRODUCTION | B22: PRIM Technician Choice This choice has an impact on the discount (PRIM Support) | G22: Salles et équipements | R22: Technicians | Z22: =IF(Tarifs!$D$96=Tarifs!$B$102,"TOTAL Payable by the organization", "TOTAL Payable by the artist") -> TOTAL Payable by the artist
A23: Rooms and equipments | C23: Number of hours | G23: Rate | I23: Costs | K23: =IFERROR(IF(OR($P$3=Tarifs!$A$94,$P$3=Tarifs!$A$95),"PRIM Support","PRIM Support "&VLOOKUP($P$3,Tarifs!$A$94:$C$104,3,FALSE)*100&"%"),"PRIM Support") -> PRIM Support | M23: Payable | O23: PRIM Technicians | P23: Number of hours | R23: Rate | T23: Costs | V23: PRIM Support | X23: Payable
F24: x | G24: =IF(A24="",0,VLOOKUP(A24,Tarifs!A$3:E$21,2,FALSE)) -> 0 | H24: = | I24: =C24*G24 -> 0 | J24: - | K24: =AF24 -> 0 | L24: = | M24: =I24-K24 -> 0 | O24: =IF(B24=0,"",B24) | P24: =IF(OR(B24=Tarifs!$A$35,B24=Tarifs!$A$36,B24=""),"", C24) | Q24: x | R24: =IF(OR(B24="",B24=" "),0,VLOOKUP(B24,Techs_Images_Tarifs,2,FALSE)) -> 0 | S24: = | T24: =IF(P24="",0,R24*P24) -> 0 | U24: - | V24: =IF(OR(T24=0,$P$8=0),0,IF(Tarifs!D$96=8,IF(P$8>T24,T24,P$8),0)) -> 0 | W24: = | X24: =T24-V24 -> 0 | Z24: =M24+X24 -> 0 | AA24: =IF(IFERROR(VLOOKUP(A24,Tarifs!A$3:C$19,3,FALSE),"")="x","Tech PRIM","") | AB24: =IF(OR($P$3=Tarifs!$A$94,$P$3=Tarifs!$A$95,$P$3=Tarifs!$A$104),0,IF($B24="",0,IF(AND(AA24="Tech PRIM",$B24=Tarifs!$A$35),I24*$AB$11,IF(AND(Tarifs!D$96=5,A24=Tarifs!$A$4),IF(I24<=$T$7,I24,$T$7+(I24-$T$7)*75%),I24*IFERROR(VLOOKUP(Tarifs!D$96,RABAIS,2,FALSE),0))))) -> 0 | AC24: =IF($P$3=Tarifs!$A$104,IF(AND(AA24="Tech PRIM",$B24=Tarifs!$A$35),0,IF(OR($P$7=0,I24<=AD19),I24,AD19)),0) -> 0 | AD24: =AD19-AC24 -> 0 | AE24: =(I24-AC24)*$AE$11 -> 0 | AF24: =IF($P$3=Tarifs!$A$104,AC24+AE24,AB24) -> 0 | AG24: =IF($P$3=Tarifs!$A$104,IF($P$8=0,0,IF(T24<=AH19,T24,AH19)),0) -> 0 | AH24: =AH19-AG24 -> 0 | AI24: =AG24 -> 0
F25: x | G25: =IF(A25="",0,VLOOKUP(A25,Tarifs!A$3:E$21,2,FALSE)) -> 0 | H25: = | I25: =C25*G25 -> 0 | J25: - | K25: =AF25 -> 0 | L25: = | M25: =I25-K25 -> 0 | O25: =IF(B25=0,"",B25) | P25: =IF(OR(B25=Tarifs!$A$35,B25=Tarifs!$A$36,B25=""),"", C25) | Q25: x | R25: =IF(B25="",0,VLOOKUP(B25,Techs_Images_Tarifs,2,FALSE)) -> 0 | S25: = | T25: =IF(P25="",0,R25*P25) -> 0 | U25: - | V25: =IF(OR(T25=0,$P$8=0),0,IF(Tarifs!D$96=8,IF(P$8>T25,T25,P$8),0)) -> 0 | W25: = | X25: =T25-V25 -> 0 | Z25: =M25+X25 -> 0 | AA25: =IF(IFERROR(VLOOKUP(A25,Tarifs!A$3:C$19,3,FALSE),"")="x","Tech PRIM","") | AB25: =IF(OR($P$3=Tarifs!$A$94,$P$3=Tarifs!$A$95,$P$3=Tarifs!$A$104),0,IF($B25="",0,IF(AND(AA25="Tech PRIM",$B25=Tarifs!$A$35),I25*$AB$11,IF(AND(Tarifs!D$96=5,A25=Tarifs!$A$4),IF(I25<=$T$7,I25,$T$7+(I25-$T$7)*75%),I25*IFERROR(VLOOKUP(Tarifs!D$96,RABAIS,2,FALSE),0))))) -> 0 | AC25: =IF($P$3=Tarifs!$A$104,IF(AND(AA25="Tech PRIM",$B25=Tarifs!$A$35),0,IF(OR($P$7=0,I25<=AD24),I25,AD24)),0) -> 0 | AD25: =AD24-AC25 -> 0 | AE25: =(X25-AC25)*$AE$11 -> 0 | AF25: =IF($P$3=Tarifs!$A$104,AC25+AE25,AB25) -> 0 | AG25: =IF($P$3=Tarifs!$A$104,IF($P$8=0,0,IF(T25<=AH24,T25,AH24)),0) -> 0 | AH25: =AH24-AG25 -> 0 | AI25: =AG25 -> 0
F26: x | G26: =IF(A26="",0,VLOOKUP(A26,Tarifs!A$3:E$21,2,FALSE)) -> 0 | H26: = | I26: =C26*G26 -> 0 | J26: - | K26: =AF26 -> 0 | L26: = | M26: =I26-K26 -> 0 | O26: =IF(B26=0,"",B26) | P26: =IF(OR(B26=Tarifs!$A$35,B26=Tarifs!$A$36,B26=""),"", C26) | Q26: x | R26: =IF(B26="",0,VLOOKUP(B26,Techs_Images_Tarifs,2,FALSE)) -> 0 | S26: = | T26: =IF(P26="",0,R26*P26) -> 0 | U26: - | V26: =IF(OR(T26=0,$P$8=0),0,IF(Tarifs!D$96=8,IF(P$8>T26,T26,P$8),0)) -> 0 | W26: = | X26: =T26-V26 -> 0 | Z26: =M26+X26 -> 0 | AA26: =IF(IFERROR(VLOOKUP(A26,Tarifs!A$3:C$19,3,FALSE),"")="x","Tech PRIM","") | AB26: =IF(OR($P$3=Tarifs!$A$94,$P$3=Tarifs!$A$95,$P$3=Tarifs!$A$104),0,IF($B26="",0,IF(AND(AA26="Tech PRIM",$B26=Tarifs!$A$35),I26*$AB$11,IF(AND(Tarifs!D$96=5,A26=Tarifs!$A$4),IF(I26<=$T$7,I26,$T$7+(I26-$T$7)*75%),I26*IFERROR(VLOOKUP(Tarifs!D$96,RABAIS,2,FALSE),0))))) -> 0 | AC26: =IF($P$3=Tarifs!$A$104,IF(AND(AA26="Tech PRIM",$B26=Tarifs!$A$35),0,IF(OR($P$7=0,I26<=AD25),I26,AD25)),0) -> 0 | AD26: =AD25-AC26 -> 0 | AE26: =(X26-AC26)*$AE$11 -> 0 | AF26: =IF($P$3=Tarifs!$A$104,AC26+AE26,AB26) -> 0 | AG26: =IF($P$3=Tarifs!$A$104,IF($P$8=0,0,IF(T26<=AH25,T26,AH25)),0) -> 0 | AH26: =AH25-AG26 -> 0 | AI26: =AG26 -> 0
F27: x | G27: =IF(A27="",0,VLOOKUP(A27,Tarifs!A$3:E$21,2,FALSE)) -> 0 | H27: = | I27: =C27*G27 -> 0 | J27: - | K27: =AF27 -> 0 | L27: = | M27: =I27-K27 -> 0 | O27: =IF(B27=0,"",B27) | P27: =IF(OR(B27=Tarifs!$A$35,B27=Tarifs!$A$36,B27=""),"", C27) | Q27: x | R27: =IF(B27="",0,VLOOKUP(B27,Techs_Images_Tarifs,2,FALSE)) -> 0 | S27: = | T27: =IF(P27="",0,R27*P27) -> 0 | U27: - | V27: =IF(OR(T27=0,$P$8=0),0,IF(Tarifs!D$96=8,IF(P$8>T27,T27,P$8),0)) -> 0 | W27: = | X27: =T27-V27 -> 0 | Z27: =M27+X27 -> 0 | AA27: =IF(IFERROR(VLOOKUP(A27,Tarifs!A$3:C$19,3,FALSE),"")="x","Tech PRIM","") | AB27: =IF(OR($P$3=Tarifs!$A$94,$P$3=Tarifs!$A$95,$P$3=Tarifs!$A$104),0,IF($B27="",0,IF(AND(AA27="Tech PRIM",$B27=Tarifs!$A$35),I27*$AB$11,IF(AND(Tarifs!D$96=5,A27=Tarifs!$A$4),IF(I27<=$T$7,I27,$T$7+(I27-$T$7)*75%),I27*IFERROR(VLOOKUP(Tarifs!D$96,RABAIS,2,FALSE),0))))) -> 0 | AC27: =IF($P$3=Tarifs!$A$104,IF(AND(AA27="Tech PRIM",$B27=Tarifs!$A$35),0,IF(OR($P$7=0,I27<=AD26),I27,AD26)),0) -> 0 | AD27: =AD26-AC27 -> 0 | AE27: =(X27-AC27)*$AE$11 -> 0 | AF27: =IF($P$3=Tarifs!$A$104,AC27+AE27,AB27) -> 0 | AG27: =IF($P$3=Tarifs!$A$104,IF($P$8=0,0,IF(T27<=AH26,T27,AH26)),0) -> 0 | AH27: =AH26-AG27 -> 0 | AI27: =AG27 -> 0
F28: x | G28: =IF(A28="",0,VLOOKUP(A28,Tarifs!A$3:E$21,2,FALSE)) -> 0 | H28: = | I28: =C28*G28 -> 0 | J28: - | K28: =AF28 -> 0 | L28: = | M28: =I28-K28 -> 0 | O28: =IF(B28=0,"",B28) | P28: =IF(OR(B28=Tarifs!$A$35,B28=Tarifs!$A$36,B28=""),"", C28) | Q28: x | R28: =IF(B28="",0,VLOOKUP(B28,Techs_Images_Tarifs,2,FALSE)) -> 0 | S28: = | T28: =IF(P28="",0,R28*P28) -> 0 | U28: - | V28: =IF(OR(T28=0,$P$8=0),0,IF(Tarifs!D$96=8,IF(P$8>T28,T28,P$8),0)) -> 0 | W28: = | X28: =T28-V28 -> 0 | Z28: =M28+X28 -> 0 | AA28: =IF(IFERROR(VLOOKUP(A28,Tarifs!A$3:C$19,3,FALSE),"")="x","Tech PRIM","") | AB28: =IF(OR($P$3=Tarifs!$A$94,$P$3=Tarifs!$A$95,$P$3=Tarifs!$A$104),0,IF($B28="",0,IF(AND(AA28="Tech PRIM",$B28=Tarifs!$A$35),I28*$AB$11,IF(AND(Tarifs!D$96=5,A28=Tarifs!$A$4),IF(I28<=$T$7,I28,$T$7+(I28-$T$7)*75%),I28*IFERROR(VLOOKUP(Tarifs!D$96,RABAIS,2,FALSE),0))))) -> 0 | AC28: =IF($P$3=Tarifs!$A$104,IF(AND(AA28="Tech PRIM",$B28=Tarifs!$A$35),0,IF(OR($P$7=0,I28<=AD27),I28,AD27)),0) -> 0 | AD28: =AD27-AC28 -> 0 | AE28: =(X28-AC28)*$AE$11 -> 0 | AF28: =IF($P$3=Tarifs!$A$104,AC28+AE28,AB28) -> 0 | AG28: =IF($P$3=Tarifs!$A$104,IF($P$8=0,0,IF(T28<=AH27,T28,AH27)),0) -> 0 | AH28: =AH27-AG28 -> 0 | AI28: =AG28 -> 0
F29: x | G29: =IF(A29="",0,VLOOKUP(A29,Tarifs!A$3:E$21,2,FALSE)) -> 0 | H29: = | I29: =C29*G29 -> 0 | J29: - | K29: =AF29 -> 0 | L29: = | M29: =I29-K29 -> 0 | O29: =IF(B29=0,"",B29) | P29: =IF(OR(B29=Tarifs!$A$35,B29=Tarifs!$A$36,B29=""),"", C29) | Q29: x | R29: =IF(B29="",0,VLOOKUP(B29,Techs_Images_Tarifs,2,FALSE)) -> 0 | S29: = | T29: =IF(P29="",0,R29*P29) -> 0 | U29: - | V29: =IF(OR(T29=0,$P$8=0),0,IF(Tarifs!D$96=8,IF(P$8>T29,T29,P$8),0)) -> 0 | W29: = | X29: =T29-V29 -> 0 | Z29: =M29+X29 -> 0 | AA29: =IF(IFERROR(VLOOKUP(A29,Tarifs!A$3:C$19,3,FALSE),"")="x","Tech PRIM","") | AB29: =IF(OR($P$3=Tarifs!$A$94,$P$3=Tarifs!$A$95,$P$3=Tarifs!$A$104),0,IF($B29="",0,IF(AND(AA29="Tech PRIM",$B29=Tarifs!$A$35),I29*$AB$11,IF(AND(Tarifs!D$96=5,A29=Tarifs!$A$4),IF(I29<=$T$7,I29,$T$7+(I29-$T$7)*75%),I29*IFERROR(VLOOKUP(Tarifs!D$96,RABAIS,2,FALSE),0))))) -> 0 | AC29: =IF($P$3=Tarifs!$A$104,IF(AND(AA29="Tech PRIM",$B29=Tarifs!$A$35),0,IF(OR($P$7=0,I29<=AD28),I29,AD28)),0) -> 0 | AD29: =AD28-AC29 -> 0 | AE29: =(X29-AC29)*$AE$11 -> 0 | AF29: =IF($P$3=Tarifs!$A$104,AC29+AE29,AB29) -> 0 | AG29: =IF($P$3=Tarifs!$A$104,IF($P$8=0,0,IF(T29<=AH28,T29,AH28)),0) -> 0 | AH29: =AH28-AG29 -> 0 | AI29: =AG29 -> 0
F30: x | G30: =IF(A30="",0,VLOOKUP(A30,Tarifs!A$3:E$21,2,FALSE)) -> 0 | H30: = | I30: =C30*G30 -> 0 | J30: - | K30: =AF30 -> 0 | L30: = | M30: =I30-K30 -> 0 | O30: =IF(B30=0,"",B30) | P30: =IF(OR(B30=Tarifs!$A$35,B30=Tarifs!$A$36,B30=""),"", C30) | Q30: x | R30: =IF(B30="",0,VLOOKUP(B30,Techs_Images_Tarifs,2,FALSE)) -> 0 | S30: = | T30: =IF(P30="",0,R30*P30) -> 0 | U30: - | V30: =IF(OR(T30=0,$P$8=0),0,IF(Tarifs!D$96=8,IF(P$8>T30,T30,P$8),0)) -> 0 | W30: = | X30: =T30-V30 -> 0 | Z30: =M30+X30 -> 0 | AA30: =IF(IFERROR(VLOOKUP(A30,Tarifs!A$3:C$19,3,FALSE),"")="x","Tech PRIM","") | AB30: =IF(OR($P$3=Tarifs!$A$94,$P$3=Tarifs!$A$95,$P$3=Tarifs!$A$104),0,IF($B30="",0,IF(AND(AA30="Tech PRIM",$B30=Tarifs!$A$35),I30*$AB$11,IF(AND(Tarifs!D$96=5,A30=Tarifs!$A$4),IF(I30<=$T$7,I30,$T$7+(I30-$T$7)*75%),I30*IFERROR(VLOOKUP(Tarifs!D$96,RABAIS,2,FALSE),0))))) -> 0 | AC30: =IF($P$3=Tarifs!$A$104,IF(AND(AA30="Tech PRIM",$B30=Tarifs!$A$35),0,IF(OR($P$7=0,I30<=AD29),I30,AD29)),0) -> 0 | AD30: =AD29-AC30 -> 0 | AE30: =(X30-AC30)*$AE$11 -> 0 | AF30: =IF($P$3=Tarifs!$A$104,AC30+AE30,AB30) -> 0 | AG30: =IF($P$3=Tarifs!$A$104,IF($P$8=0,0,IF(T30<=AH29,T30,AH29)),0) -> 0 | AH30: =AH29-AG30 -> 0 | AI30: =AG30 -> 0
F31: x | G31: =IF(A31="",0,VLOOKUP(A31,Tarifs!A$3:E$21,2,FALSE)) -> 0 | H31: = | I31: =C31*G31 -> 0 | J31: - | K31: =AF31 -> 0 | L31: = | M31: =I31-K31 -> 0 | O31: =IF(B31=0,"",B31) | P31: =IF(OR(B31=Tarifs!$A$35,B31=Tarifs!$A$36,B31=""),"", C31) | Q31: x | R31: =IF(B31="",0,VLOOKUP(B31,Techs_Images_Tarifs,2,FALSE)) -> 0 | S31: = | T31: =IF(P31="",0,R31*P31) -> 0 | U31: - | V31: =IF(OR(T31=0,$P$8=0),0,IF(Tarifs!D$96=8,IF(P$8>T31,T31,P$8),0)) -> 0 | W31: = | X31: =T31-V31 -> 0 | Z31: =M31+X31 -> 0 | AA31: =IF(IFERROR(VLOOKUP(A31,Tarifs!A$3:C$19,3,FALSE),"")="x","Tech PRIM","") | AB31: =IF(OR($P$3=Tarifs!$A$94,$P$3=Tarifs!$A$95,$P$3=Tarifs!$A$104),0,IF($B31="",0,IF(AND(AA31="Tech PRIM",$B31=Tarifs!$A$35),I31*$AB$11,IF(AND(Tarifs!D$96=5,A31=Tarifs!$A$4),IF(I31<=$T$7,I31,$T$7+(I31-$T$7)*75%),I31*IFERROR(VLOOKUP(Tarifs!D$96,RABAIS,2,FALSE),0))))) -> 0 | AC31: =IF($P$3=Tarifs!$A$104,IF(AND(AA31="Tech PRIM",$B31=Tarifs!$A$35),0,IF(OR($P$7=0,I31<=AD30),I31,AD30)),0) -> 0 | AD31: =AD30-AC31 -> 0 | AE31: =(X31-AC31)*$AE$11 -> 0 | AF31: =IF($P$3=Tarifs!$A$104,AC31+AE31,AB31) -> 0 | AG31: =IF($P$3=Tarifs!$A$104,IF($P$8=0,0,IF(T31<=AH30,T31,AH30)),0) -> 0 | AH31: =AH30-AG31 -> 0 | AI31: =AG31 -> 0
A32: =Tarifs!A11 -> Data management fee (flat fee) | B32: Included | C32: =IF(SUM(I24:I31)>=4000,1,0) -> 0 | F32: x | G32: =IF(C32=0,0,VLOOKUP(A32,Tarifs!A$3:E$21,2,FALSE)) -> 0 | I32: =C32*G32 -> 0 | J32: - | K32: =AF32 -> 0 | M32: =I32-K32 -> 0 | Z32: =M32+X32 -> 0 | AA32: =IF(IFERROR(VLOOKUP(A32,Tarifs!A$3:C$19,3,FALSE),"")="x","Tech PRIM","") | AB32: =IF(OR($P$3=Tarifs!$A$94,$P$3=Tarifs!$A$95,$P$3=Tarifs!$A$95,$P$3=Tarifs!$A$104),0,IF($B32="",0,IF(AND(AA32="Tech PRIM",$B32=Tarifs!$A$35),I32*$AB$11,I32*IFERROR(VLOOKUP(Tarifs!D$96,RABAIS,2,FALSE),0)))) -> 0 | AC32: =IF($P$3=Tarifs!$A$104,IF(AND(AA32="Tech PRIM",$B32=Tarifs!$A$35),0,IF(OR($P$7=0,I32<=AD31),I32,AD31)),0) -> 0 | AD32: =AD31-AC32 -> 0 | AE32: =(X32-AC32)*$AE$11 -> 0 | AF32: =IF($P$3=Tarifs!$A$104,AC32+AE32,AB32) -> 0 | AG32: =IF($P$3=Tarifs!$A$104,IF($P$8=0,0,IF(T32<=AH31,T32,AH31)),0) -> 0 | AH32: =AH31-AG32 -> 0 | AI32: =AG32 -> 0
A33: TOTAL IMAGE POST-PRODUCTION | I33: =SUM(I24:I32) -> 0 | J33: - | K33: =SUM(K24:K32) -> 0 | L33: = | M33: =SUM(M24:M32) -> 0 | T33: =SUM(T24:T32) -> 0 | U33: - | V33: =SUM(V24:V32) -> 0 | W33: = | X33: =SUM(X24:X32) -> 0 | Z33: =SUM(Z24:Z32) -> 0
A35: SOUND POST-PRODUCTION | B35: PRIM Technician Choice This choice has an impact on the discount (PRIM Support) | G35: Studios et équipements | R35: Technicians | Z35: =IF(Tarifs!$D$96=Tarifs!$B$102,"TOTAL Payable by the organization", "TOTAL Payable by the artist") -> TOTAL Payable by the artist
A36: Studios and equipements | C36: Number of hours | G36: Rate | I36: Costs | K36: =IFERROR(IF(OR($P$3=Tarifs!$A$94,$P$3=Tarifs!$A$95),"PRIM Support","PRIM Support "&VLOOKUP($P$3,Tarifs!$A$94:$C$104,3,FALSE)*100&"%"),"PRIM Support") -> PRIM Support | M36: Payable | O36: PRIM Technicians | P36: Number of hours | R36: Rate | T36: Costs | V36: PRIM Support | X36: Payable
F37: x | G37: =IF(A37="",0,VLOOKUP(A37,Tarifs!A$3:E$21,2,FALSE)) -> 0 | H37: = | I37: =C37*G37 -> 0 | J37: - | K37: =AF37 -> 0 | L37: = | M37: =I37-K37 -> 0 | O37: =IF(B37=0,"",B37) | P37: =IF(OR(B37=Tarifs!$A$35,B37=Tarifs!$A$36,B37=""),"", C37) | Q37: x | R37: =IF(B37="",0,VLOOKUP(B37,Techs_son_Tarifs,2,FALSE)) -> 0 | S37: = | T37: =IF(P37="",0,R37*P37) -> 0 | U37: - | V37: =IF(OR(T37=0,$P$8=0),0,IF(Tarifs!D$96=8,IF(P$8>T37,T37,P$8),0)) -> 0 | W37: = | X37: =T37-V37 -> 0 | Z37: =M37+X37 -> 0 | AA37: =IF(IFERROR(VLOOKUP(A37,Tarifs!A$3:C$19,3,FALSE),"")="x","Tech PRIM","") | AB37: =IF(OR($P$3=Tarifs!$A$94,$P$3=Tarifs!$A$95,$P$3=Tarifs!$A$95,$P$3=Tarifs!$A$104),0,IF($B37="",0,IF(AND(AA37="Tech PRIM",$B37=Tarifs!$A$35),I37*$AB$11,I37*IFERROR(VLOOKUP(Tarifs!D$96,RABAIS,2,FALSE),0)))) -> 0 | AC37: =IF($P$3=Tarifs!$A$104,IF(AND(AA37="Tech PRIM",$B37=Tarifs!$A$35),0,IF(OR($P$7=0,I37<=AD32),I37,AD32)),0) -> 0 | AD37: =AD32-AC37 -> 0 | AE37: =(X37-AC37)*$AE$11 -> 0 | AF37: =IF($P$3=Tarifs!$A$104,AC37+AE37,AB37) -> 0 | AG37: =IF($P$3=Tarifs!$A$104,IF($P$8=0,0,IF(T37<=AH32,T37,AH32)),0) -> 0 | AH37: =AH32-AG37 -> 0 | AI37: =AG37 -> 0
F38: x | G38: =IF(A38="",0,VLOOKUP(A38,Tarifs!A$3:E$21,2,FALSE)) -> 0 | H38: = | I38: =C38*G38 -> 0 | J38: + | K38: =AF38 -> 0 | L38: = | M38: =I38-K38 -> 0 | O38: =IF(B38=0,"",B38) | P38: =IF(OR(B38=Tarifs!$A$35,B38=Tarifs!$A$36,B38=""),"", C38) | Q38: x | R38: =IF(B38="",0,VLOOKUP(B38,Techs_son_Tarifs,2,FALSE)) -> 0 | S38: = | T38: =IF(P38="",0,R38*P38) -> 0 | U38: - | V38: =IF(OR(T38=0,$P$8=0),0,IF(Tarifs!D$96=8,IF(P$8>T38,T38,P$8),0)) -> 0 | W38: = | X38: =T38-V38 -> 0 | Z38: =M38+X38 -> 0 | AA38: =IF(IFERROR(VLOOKUP(A38,Tarifs!A$3:C$19,3,FALSE),"")="x","Tech PRIM","") | AB38: =IF(OR($P$3=Tarifs!$A$94,$P$3=Tarifs!$A$95,$P$3=Tarifs!$A$95,$P$3=Tarifs!$A$104),0,IF($B38="",0,IF(AND(AA38="Tech PRIM",$B38=Tarifs!$A$35),I38*$AB$11,I38*IFERROR(VLOOKUP(Tarifs!D$96,RABAIS,2,FALSE),0)))) -> 0 | AC38: =IF($P$3=Tarifs!$A$104,IF(AND(AA38="Tech PRIM",$B38=Tarifs!$A$35),0,IF(OR($P$7=0,I38<=AD37),I38,AD37)),0) -> 0 | AD38: =AD37-AC38 -> 0 | AE38: =(X38-AC38)*$AE$11 -> 0 | AF38: =IF($P$3=Tarifs!$A$104,AC38+AE38,AB38) -> 0 | AG38: =IF($P$3=Tarifs!$A$104,IF($P$8=0,0,IF(T38<=AH33,T38,AH33)),0) -> 0 | AH38: =AH37-AG38 -> 0 | AI38: =AG38 -> 0
F39: x | G39: =IF(A39="",0,VLOOKUP(A39,Tarifs!A$3:E$21,2,FALSE)) -> 0 | H39: = | I39: =C39*G39 -> 0 | J39: + | K39: =AF39 -> 0 | L39: = | M39: =I39-K39 -> 0 | O39: =IF(B39=0,"",B39) | P39: =IF(OR(B39=Tarifs!$A$35,B39=Tarifs!$A$36,B39=""),"", C39) | Q39: x | R39: =IF(B39="",0,VLOOKUP(B39,Techs_son_Tarifs,2,FALSE)) -> 0 | S39: = | T39: =IF(P39="",0,R39*P39) -> 0 | U39: - | V39: =IF(OR(T39=0,$P$8=0),0,IF(Tarifs!D$96=8,IF(P$8>T39,T39,P$8),0)) -> 0 | W39: = | X39: =T39-V39 -> 0 | Z39: =M39+X39 -> 0 | AA39: =IF(IFERROR(VLOOKUP(A39,Tarifs!A$3:C$19,3,FALSE),"")="x","Tech PRIM","") | AB39: =IF(OR($P$3=Tarifs!$A$94,$P$3=Tarifs!$A$95,$P$3=Tarifs!$A$95,$P$3=Tarifs!$A$104),0,IF($B39="",0,IF(AND(AA39="Tech PRIM",$B39=Tarifs!$A$35),I39*$AB$11,I39*IFERROR(VLOOKUP(Tarifs!D$96,RABAIS,2,FALSE),0)))) -> 0 | AC39: =IF($P$3=Tarifs!$A$104,IF(AND(AA39="Tech PRIM",$B39=Tarifs!$A$35),0,IF(OR($P$7=0,I39<=AD38),I39,AD38)),0) -> 0 | AD39: =AD38-AC39 -> 0 | AE39: =(X39-AC39)*$AE$11 -> 0 | AF39: =IF($P$3=Tarifs!$A$104,AC39+AE39,AB39) -> 0 | AG39: =IF($P$3=Tarifs!$A$104,IF($P$8=0,0,IF(T39<=AH34,T39,AH34)),0) -> 0 | AH39: =AH38-AG39 -> 0 | AI39: =AG39 -> 0
F40: x | G40: =IF(A40="",0,VLOOKUP(A40,Tarifs!A$3:E$21,2,FALSE)) -> 0 | H40: = | I40: =C40*G40 -> 0 | J40: + | K40: =AF40 -> 0 | L40: = | M40: =I40-K40 -> 0 | O40: =IF(B40=0,"",B40) | P40: =IF(OR(B40=Tarifs!$A$35,B40=Tarifs!$A$36,B40=""),"", C40) | Q40: x | R40: =IF(B40="",0,VLOOKUP(B40,Techs_son_Tarifs,2,FALSE)) -> 0 | S40: = | T40: =IF(P40="",0,R40*P40) -> 0 | U40: - | V40: =IF(OR(T40=0,$P$8=0),0,IF(Tarifs!D$96=8,IF(P$8>T40,T40,P$8),0)) -> 0 | W40: = | X40: =T40-V40 -> 0 | Z40: =M40+X40 -> 0 | AA40: =IF(IFERROR(VLOOKUP(A40,Tarifs!A$3:C$19,3,FALSE),"")="x","Tech PRIM","") | AB40: =IF(OR($P$3=Tarifs!$A$94,$P$3=Tarifs!$A$95,$P$3=Tarifs!$A$95,$P$3=Tarifs!$A$104),0,IF($B40="",0,IF(AND(AA40="Tech PRIM",$B40=Tarifs!$A$35),I40*$AB$11,I40*IFERROR(VLOOKUP(Tarifs!D$96,RABAIS,2,FALSE),0)))) -> 0 | AC40: =IF($P$3=Tarifs!$A$104,IF(AND(AA40="Tech PRIM",$B40=Tarifs!$A$35),0,IF(OR($P$7=0,I40<=AD39),I40,AD39)),0) -> 0 | AD40: =AD39-AC40 -> 0 | AE40: =(X40-AC40)*$AE$11 -> 0 | AF40: =IF($P$3=Tarifs!$A$104,AC40+AE40,AB40) -> 0 | AG40: =IF($P$3=Tarifs!$A$104,IF($P$8=0,0,IF(T40<=AH35,T40,AH35)),0) -> 0 | AH40: =AH39-AG40 -> 0 | AI40: =AG40 -> 0
F41: x | G41: =IF(A41="",0,VLOOKUP(A41,Tarifs!A$3:E$21,2,FALSE)) -> 0 | H41: = | I41: =C41*G41 -> 0 | J41: + | K41: =AF41 -> 0 | L41: = | M41: =I41-K41 -> 0 | O41: =IF(B41=0,"",B41) | P41: =IF(OR(B41=Tarifs!$A$35,B41=Tarifs!$A$36,B41=""),"", C41) | Q41: x | R41: =IF(B41="",0,VLOOKUP(B41,Techs_son_Tarifs,2,FALSE)) -> 0 | S41: = | T41: =IF(P41="",0,R41*P41) -> 0 | U41: - | V41: =IF(OR(T41=0,$P$8=0),0,IF(Tarifs!D$96=8,IF(P$8>T41,T41,P$8),0)) -> 0 | W41: = | X41: =T41-V41 -> 0 | Z41: =M41+X41 -> 0 | AA41: =IF(IFERROR(VLOOKUP(A41,Tarifs!A$3:C$19,3,FALSE),"")="x","Tech PRIM","") | AB41: =IF(OR($P$3=Tarifs!$A$94,$P$3=Tarifs!$A$95,$P$3=Tarifs!$A$95,$P$3=Tarifs!$A$104),0,IF($B41="",0,IF(AND(AA41="Tech PRIM",$B41=Tarifs!$A$35),I41*$AB$11,I41*IFERROR(VLOOKUP(Tarifs!D$96,RABAIS,2,FALSE),0)))) -> 0 | AC41: =IF($P$3=Tarifs!$A$104,IF(AND(AA41="Tech PRIM",$B41=Tarifs!$A$35),0,IF(OR($P$7=0,I41<=AD40),I41,AD40)),0) -> 0 | AD41: =AD40-AC41 -> 0 | AE41: =(X41-AC41)*$AE$11 -> 0 | AF41: =IF($P$3=Tarifs!$A$104,AC41+AE41,AB41) -> 0 | AG41: =IF($P$3=Tarifs!$A$104,IF($P$8=0,0,IF(T41<=AH36,T41,AH36)),0) -> 0 | AH41: =AH40-AG41 -> 0 | AI41: =AG41 -> 0
F42: x | G42: =IF(A42="",0,VLOOKUP(A42,Tarifs!A$3:E$21,2,FALSE)) -> 0 | H42: = | I42: =C42*G42 -> 0 | J42: + | K42: =AF42 -> 0 | L42: = | M42: =I42-K42 -> 0 | O42: =IF(B42=0,"",B42) | P42: =IF(OR(B42=Tarifs!$A$35,B42=Tarifs!$A$36,B42=""),"", C42) | Q42: x | R42: =IF(B42="",0,VLOOKUP(B42,Techs_son_Tarifs,2,FALSE)) -> 0 | S42: = | T42: =IF(P42="",0,R42*P42) -> 0 | U42: - | V42: =IF(OR(T42=0,$P$8=0),0,IF(Tarifs!D$96=8,IF(P$8>T42,T42,P$8),0)) -> 0 | W42: = | X42: =T42-V42 -> 0 | Z42: =M42+X42 -> 0 | AA42: =IF(IFERROR(VLOOKUP(A42,Tarifs!A$3:C$19,3,FALSE),"")="x","Tech PRIM","") | AB42: =IF(OR($P$3=Tarifs!$A$94,$P$3=Tarifs!$A$95,$P$3=Tarifs!$A$95,$P$3=Tarifs!$A$104),0,IF($B42="",0,IF(AND(AA42="Tech PRIM",$B42=Tarifs!$A$35),I42*$AB$11,I42*IFERROR(VLOOKUP(Tarifs!D$96,RABAIS,2,FALSE),0)))) -> 0 | AC42: =IF($P$3=Tarifs!$A$104,IF(AND(AA42="Tech PRIM",$B42=Tarifs!$A$35),0,IF(OR($P$7=0,I42<=AD41),I42,AD41)),0) -> 0 | AD42: =AD41-AC42 -> 0 | AE42: =(X42-AC42)*$AE$11 -> 0 | AF42: =IF($P$3=Tarifs!$A$104,AC42+AE42,AB42) -> 0 | AG42: =IF($P$3=Tarifs!$A$104,IF($P$8=0,0,IF(T42<=AH37,T42,AH37)),0) -> 0 | AH42: =AH41-AG42 -> 0 | AI42: =AG42 -> 0
F43: x | G43: =IF(A43="",0,VLOOKUP(A43,Tarifs!A$3:E$21,2,FALSE)) -> 0 | H43: = | I43: =C43*G43 -> 0 | J43: + | K43: =AF43 -> 0 | L43: = | M43: =I43-K43 -> 0 | O43: =IF(B43=0,"",B43) | P43: =IF(OR(B43=Tarifs!$A$35,B43=Tarifs!$A$36,B43=""),"", C43) | Q43: x | R43: =IF(B43="",0,VLOOKUP(B43,Techs_son_Tarifs,2,FALSE)) -> 0 | S43: = | T43: =IF(P43="",0,R43*P43) -> 0 | U43: - | V43: =IF(OR(T43=0,$P$8=0),0,IF(Tarifs!D$96=8,IF(P$8>T43,T43,P$8),0)) -> 0 | W43: = | X43: =T43-V43 -> 0 | Z43: =M43+X43 -> 0 | AA43: =IF(IFERROR(VLOOKUP(A43,Tarifs!A$3:C$19,3,FALSE),"")="x","Tech PRIM","") | AB43: =IF(OR($P$3=Tarifs!$A$94,$P$3=Tarifs!$A$95,$P$3=Tarifs!$A$95,$P$3=Tarifs!$A$104),0,IF($B43="",0,IF(AND(AA43="Tech PRIM",$B43=Tarifs!$A$35),I43*$AB$11,I43*IFERROR(VLOOKUP(Tarifs!D$96,RABAIS,2,FALSE),0)))) -> 0 | AC43: =IF($P$3=Tarifs!$A$104,IF(AND(AA43="Tech PRIM",$B43=Tarifs!$A$35),0,IF(OR($P$7=0,I43<=AD42),I43,AD42)),0) -> 0 | AD43: =AD42-AC43 -> 0 | AE43: =(X43-AC43)*$AE$11 -> 0 | AF43: =IF($P$3=Tarifs!$A$104,AC43+AE43,AB43) -> 0 | AG43: =IF($P$3=Tarifs!$A$104,IF($P$8=0,0,IF(T43<=AH38,T43,AH38)),0) -> 0 | AH43: =AH42-AG43 -> 0 | AI43: =AG43 -> 0
F44: x | G44: =IF(A44="",0,VLOOKUP(A44,Tarifs!A$3:E$21,2,FALSE)) -> 0 | H44: = | I44: =C44*G44 -> 0 | J44: + | K44: =AF44 -> 0 | L44: = | M44: =I44-K44 -> 0 | O44: =IF(B44=0,"",B44) | P44: =IF(OR(B44=Tarifs!$A$35,B44=Tarifs!$A$36,B44=""),"", C44) | Q44: x | R44: =IF(B44="",0,VLOOKUP(B44,Techs_son_Tarifs,2,FALSE)) -> 0 | S44: = | T44: =IF(P44="",0,R44*P44) -> 0 | U44: - | V44: =IF(OR(T44=0,$P$8=0),0,IF(Tarifs!D$96=8,IF(P$8>T44,T44,P$8),0)) -> 0 | W44: = | X44: =T44-V44 -> 0 | Z44: =M44+X44 -> 0 | AA44: =IF(IFERROR(VLOOKUP(A44,Tarifs!A$3:C$19,3,FALSE),"")="x","Tech PRIM","") | AB44: =IF(OR($P$3=Tarifs!$A$94,$P$3=Tarifs!$A$95,$P$3=Tarifs!$A$95,$P$3=Tarifs!$A$104),0,IF($B44="",0,IF(AND(AA44="Tech PRIM",$B44=Tarifs!$A$35),I44*$AB$11,I44*IFERROR(VLOOKUP(Tarifs!D$96,RABAIS,2,FALSE),0)))) -> 0 | AC44: =IF($P$3=Tarifs!$A$104,IF(AND(AA44="Tech PRIM",$B44=Tarifs!$A$35),0,IF(OR($P$7=0,I44<=AD43),I44,AD43)),0) -> 0 | AD44: =AD43-AC44 -> 0 | AE44: =(X44-AC44)*$AE$11 -> 0 | AF44: =IF($P$3=Tarifs!$A$104,AC44+AE44,AB44) -> 0 | AG44: =IF($P$3=Tarifs!$A$104,IF($P$8=0,0,IF(T44<=AH39,T44,AH39)),0) -> 0 | AH44: =AH43-AG44 -> 0 | AI44: =AG44 -> 0
A45: TOTAL SOUND POST-PRODUCTION | I45: =SUM(I37:I44) -> 0 | J45: - | K45: =SUM(K37:K44) -> 0 | L45: = | M45: =SUM(M37:M44) -> 0 | T45: =SUM(T37:T44) -> 0 | U45: - | V45: =SUM(V37:V44) -> 0 | W45: = | X45: =SUM(X37:X44) -> 0 | Z45: =SUM(Z37:Z44) -> 0
A47: EXPORTS AND COPIES | G47: Salles et équipements | R47: Technicians | Z47: =IF(Tarifs!$D$96=Tarifs!$B$102,"TOTAL Payable by the organization", "TOTAL Payable by the artist") -> TOTAL Payable by the artist
A48: Exports and digitalization | C48: Nbre d'heures | G48: Rate | I48: Costs | K48: =IFERROR(IF(OR($P$3=Tarifs!$A$94,$P$3=Tarifs!$A$95),"PRIM Support","PRIM Support "&VLOOKUP($P$3,Tarifs!$A$94:$C$104,3,FALSE)*100&"%"),"PRIM Support") -> PRIM Support | M48: Payable | O48: PRIM Technicians | P48: Number of hours | R48: Rate | T48: Costs | V48: PRIM Support | X48: Payable
A49: Exports and digitalization | F49: x | G49: =VLOOKUP(A49,Tarifs!A$3:E$21,2,FALSE) -> 50 | H49: = | I49: =C49*G49 -> 0 | J49: - | K49: =AF49 -> 0 | L49: = | M49: =I49-K49 -> 0 | O49: =Techs_TR -> Video Technician (Exports) | P49: =IF(C49<=1,C49,C49/2) -> 0 | Q49: x | R49: =Tarifs!B45 -> 30 | S49: = | T49: =IF(P49="",0,R49*P49) -> 0 | U49: - | V49: =IF(OR(T49=0,$P$8=0),0,IF(Tarifs!D$96=8,IF(P$8>T49,T49,P$8),0)) -> 0 | W49: = | X49: =T49-V49 -> 0 | Z49: =M49+X49 -> 0 | AB49: =IF(OR($P$3=Tarifs!$A$94,$P$3=Tarifs!$A$95,$P$3=Tarifs!$A$95,$P$3=Tarifs!$A$104),0,IF($O49="",0,IF($O49=Tarifs!$A$35,I49*$AB$11,I49*IFERROR(VLOOKUP(Tarifs!D$96,RABAIS,2,FALSE),0)))) -> 0 | AC49: =IF($P$3=Tarifs!$A$104,IF($O49=Tarifs!$A$35,0,IF(OR($P$7=0,I49<=AD44),I49,AD44)),0) -> 0 | AD49: =AD44-AC49 -> 0 | AE49: =(X49-AC49)*$AE$11 -> 0 | AF49: =IF($P$3=Tarifs!$A$104,AC49+AE49,AB49) -> 0 | AG49: =IF($P$3=Tarifs!$A$104,IF($P$8=0,2,IF(T49<=AH44,T49,AH44)),0) -> 0 | AH49: =AH44-AG49 -> 0 | AI49: =AG49 -> 0
A50: DCP | C50: Qt | E50: Durée | G50: Tarif | AB50: =IF(OR($P$3=Tarifs!$A$94,$P$3=Tarifs!$A$95,$P$3=Tarifs!$A$95,$P$3=Tarifs!$A$104),0,IF($O50="",0,IF($O50=Tarifs!$A$35,I50*$AB$11,I50*IFERROR(VLOOKUP(Tarifs!D$96,RABAIS,2,FALSE),0)))) -> 0 | AC50: =IF($P$3=Tarifs!$A$104,IF($O50=Tarifs!$A$35,0,IF(OR($P$7=0,I50<=AD49),I50,AD49)),0) -> 0 | AD50: =AD49-AC50 -> 0 | AE50: =(X50-AC50)*$AE$11 -> 0 | AF50: =IF($P$3=Tarifs!$A$104,AC50+AE50,AB50) -> 0 | AG50: =IF($P$3=Tarifs!$A$104,IF($P$8=0,2,IF(T50<=AH49,T50,AH49)),0) -> 0 | AH50: =AH49-AG50 -> 0 | AI50: =AG50 -> 0
A51: Medium and Feature Film - Master Print (Minute Rate) | D51: x | E51: =IF(DUREE="",0,IF(DUREE<15,"N/A",DUREE)) -> 0 | F51: x | G51: =VLOOKUP(A51,Tarifs!A$20:E$30,2,FALSE) -> 20 | H51: = | I51: =IF(ISNUMBER(E51),C51*E51*G51,0) -> 0 | J51: - | K51: =AF51 -> 0 | L51: = | M51: =I51-K51 -> 0 | O51: Included | Z51: =M51+X51 -> 0 | AB51: =IF(OR($P$3=Tarifs!$A$94,$P$3=Tarifs!$A$95,$P$3=Tarifs!$A$95,$P$3=Tarifs!$A$104),0,IF($O51="",0,IF($O51=Tarifs!$A$35,I51*$AB$11,I51*IFERROR(VLOOKUP(Tarifs!D$96,RABAIS,2,FALSE),0)))) -> 0 | AC51: =IF($P$3=Tarifs!$A$104,IF($O51=Tarifs!$A$35,0,IF(OR($P$7=0,I51<=AD50),I51,AD50)),0) -> 0 | AD51: =AD50-AC51 -> 0 | AE51: =(X51-AC51)*$AE$11 -> 0 | AF51: =IF($P$3=Tarifs!$A$104,AC51+AE51,AB51) -> 0 | AG51: =IF($P$3=Tarifs!$A$104,IF($P$8=0,2,IF(T51<=AH50,T51,AH50)),0) -> 0 | AH51: =AH50-AG51 -> 0 | AI51: =AG51 -> 0
A52: Closed captioning surcharge (per language; per-minute rate) | F52: x | G52: =VLOOKUP(A52,Tarifs!A$20:E$30,2,FALSE) -> 12 | H52: = | I52: =C52*G52 -> 0 | J52: - | K52: =AF52 -> 0 | L52: = | M52: =I52-K52 -> 0 | O52: Included | Z52: =M52+X52 -> 0 | AB52: =IF(OR($P$3=Tarifs!$A$94,$P$3=Tarifs!$A$95,$P$3=Tarifs!$A$95,$P$3=Tarifs!$A$104),0,IF($O52="",0,IF($O52=Tarifs!$A$35,I52*$AB$11,I52*IFERROR(VLOOKUP(Tarifs!D$96,RABAIS,2,FALSE),0)))) -> 0 | AC52: =IF($P$3=Tarifs!$A$104,IF($O52=Tarifs!$A$35,0,IF(OR($P$7=0,I52<=AD51),I52,AD51)),0) -> 0 | AD52: =AD51-AC52 -> 0 | AE52: =(X52-AC52)*$AE$11 -> 0 | AF52: =IF($P$3=Tarifs!$A$104,AC52+AE52,AB52) -> 0 | AG52: =IF($P$3=Tarifs!$A$104,IF($P$8=0,2,IF(T52<=AH51,T52,AH51)),0) -> 0 | AH52: =AH51-AG52 -> 0 | AI52: =AG52 -> 0
A53: Short film and trailer - Master copy (per copy) | F53: x | G53: =VLOOKUP(A53,Tarifs!A$20:E$30,2,FALSE) -> 300 | H53: = | I53: =C53*G53 -> 0 | J53: - | K53: =AF53 -> 0 | L53: = | M53: =I53-K53 -> 0 | O53: Included | Z53: =M53+X53 -> 0 | AB53: =IF(OR($P$3=Tarifs!$A$94,$P$3=Tarifs!$A$95,$P$3=Tarifs!$A$95,$P$3=Tarifs!$A$104),0,IF($O53="",0,IF($O53=Tarifs!$A$35,I53*$AB$11,I53*IFERROR(VLOOKUP(Tarifs!D$96,RABAIS,2,FALSE),0)))) -> 0 | AC53: =IF($P$3=Tarifs!$A$104,IF($O53=Tarifs!$A$35,0,IF(OR($P$7=0,I53<=AD52),I53,AD52)),0) -> 0 | AD53: =AD52-AC53 -> 0 | AE53: =(X53-AC53)*$AE$11 -> 0 | AF53: =IF($P$3=Tarifs!$A$104,AC53+AE53,AB53) -> 0 | AG53: =IF($P$3=Tarifs!$A$104,IF($P$8=0,2,IF(T53<=AH52,T53,AH52)),0) -> 0 | AH53: =AH52-AG53 -> 0 | AI53: =AG53 -> 0
A54: Archivage LTO | C54: Qt | AB54: =IF(OR($P$3=Tarifs!$A$94,$P$3=Tarifs!$A$95,$P$3=Tarifs!$A$95,$P$3=Tarifs!$A$104),0,IF($O54="",0,IF($O54=Tarifs!$A$35,I54*$AB$11,I54*IFERROR(VLOOKUP(Tarifs!D$96,RABAIS,2,FALSE),0)))) -> 0 | AC54: =IF($P$3=Tarifs!$A$104,IF($O54=Tarifs!$A$35,0,IF(OR($P$7=0,I54<=AD53),I54,AD53)),0) -> 0 | AD54: =AD53-AC54 -> 0 | AE54: =(X54-AC54)*$AE$11 -> 0 | AF54: =IF($P$3=Tarifs!$A$104,AC54+AE54,AB54) -> 0 | AG54: =IF($P$3=Tarifs!$A$104,IF($P$8=0,2,IF(T54<=AH53,T54,AH53)),0) -> 0 | AH54: =AH53-AG54 -> 0 | AI54: =AG54 -> 0
A55: LTO archive (less than 2 TB) | F55: x | G55: =VLOOKUP(A55,Tarifs!A$20:E$30,2,FALSE) -> 150 | H55: = | I55: =C55*G55 -> 0 | J55: - | K55: =AF55 -> 0 | L55: = | M55: =I55-K55 -> 0 | O55: Included | Z55: =M55+X55 -> 0 | AB55: =IF(OR($P$3=Tarifs!$A$94,$P$3=Tarifs!$A$95,$P$3=Tarifs!$A$95,$P$3=Tarifs!$A$104),0,IF($O55="",0,IF($O55=Tarifs!$A$35,I55*$AB$11,I55*IFERROR(VLOOKUP(Tarifs!D$96,RABAIS,2,FALSE),0)))) -> 0 | AC55: =IF($P$3=Tarifs!$A$104,IF($O55=Tarifs!$A$35,0,IF(OR($P$7=0,I55<=AD54),I55,AD54)),0) -> 0 | AD55: =AD54-AC55 -> 0 | AE55: =(X55-AC55)*$AE$11 -> 0 | AF55: =IF($P$3=Tarifs!$A$104,AC55+AE55,AB55) -> 0 | AG55: =IF($P$3=Tarifs!$A$104,IF($P$8=0,2,IF(T55<=AH54,T55,AH54)),0) -> 0 | AH55: =AH54-AG55 -> 0 | AI55: =AG55 -> 0
A56: LTO Archive (2TB+) | F56: x | G56: =VLOOKUP(A56,Tarifs!A$20:E$30,2,FALSE) -> 300 | H56: = | I56: =C56*G56 -> 0 | J56: - | K56: =AF56 -> 0 | L56: = | M56: =I56-K56 -> 0 | O56: Included | Z56: =M56+X56 -> 0 | AB56: =IF(OR($P$3=Tarifs!$A$94,$P$3=Tarifs!$A$95,$P$3=Tarifs!$A$95,$P$3=Tarifs!$A$104),0,IF($O56="",0,IF($O56=Tarifs!$A$35,I56*$AB$11,I56*IFERROR(VLOOKUP(Tarifs!D$96,RABAIS,2,FALSE),0)))) -> 0 | AC56: =IF($P$3=Tarifs!$A$104,IF($O56=Tarifs!$A$35,0,IF(OR($P$7=0,I56<=AD55),I56,AD55)),0) -> 0 | AD56: =AD55-AC56 -> 0 | AE56: =(X56-AC56)*$AE$11 -> 0 | AF56: =IF($P$3=Tarifs!$A$104,AC56+AE56,AB56) -> 0 | AG56: =IF($P$3=Tarifs!$A$104,IF($P$8=0,2,IF(T56<=AH55,T56,AH55)),0) -> 0 | AH56: =AH55-AG56 -> 0 | AI56: =AG56 -> 0
A57: TOTAL EXPORTS AND COPIES | I57: =SUM(I49:I56) -> 0 | J57: - | K57: =SUM(K49:K56) -> 0 | L57: = | M57: =SUM(M49:M56) -> 0 | T57: =SUM(T49:T56) -> 0 | U57: - | V57: =SUM(V49:V56) -> 0 | W57: = | X57: =SUM(X49:X56) -> 0 | Z57: =SUM(Z49:Z56) -> 0
A59: DIGITAL MEDIA | Z59: =IF(Tarifs!$D$96=Tarifs!$B$102,"TOTAL Payable by the organization", "TOTAL Payable by the artist") -> TOTAL Payable by the artist
A60: Media | C60: Qt | G60: Rate | I60: Costs | K60: PRIM Support | M60: Payable
F61: x | G61: =IF(C61="",0,VLOOKUP(A61,Tarifs!A86:B92,2,FALSE)) -> 0 | H61: = | I61: =IFERROR(C61*G61,0) -> 0 | J61: - | K61: 0 | L61: = | M61: =I61-K61 -> 0 | Z61: =M61 -> 0
F62: x | G62: =IF(A62="",0,VLOOKUP(A62,Tarifs!A$86:B$92,2,FALSE)) -> 0 | H62: = | I62: =C62*G62 -> 0 | J62: - | K62: 0 | L62: = | M62: =I62-K62 -> 0 | Z62: =M62 -> 0
F63: x | G63: =IF(A63="",0,VLOOKUP(A63,Tarifs!A$86:B$92,2,FALSE)) -> 0 | H63: = | I63: =C63*G63 -> 0 | J63: - | K63: 0 | L63: = | M63: =I63-K63 -> 0 | Z63: =M63 -> 0
F64: x | G64: =IF(A64="",0,VLOOKUP(A64,Tarifs!A$86:B$92,2,FALSE)) -> 0 | H64: = | I64: =C64*G64 -> 0 | J64: - | K64: 0 | L64: = | M64: =I64-K64 -> 0 | Z64: =M64 -> 0
F65: x | G65: =IF(A65="",0,VLOOKUP(A65,Tarifs!A$86:B$92,2,FALSE)) -> 0 | H65: = | I65: =C65*G65 -> 0 | J65: - | K65: 0 | L65: = | M65: =I65-K65 -> 0 | Z65: =M65 -> 0
A66: TOTAL DISTRIBUTION MEDIA | I66: =SUM(I58:I65) -> 0 | J66: - | K66: =SUM(K58:K65) -> 0 | L66: = | M66: =SUM(M58:M65) -> 0 | Z66: =SUM(Z61:Z65) -> 0
A68: OTHER SERVICES | Z68: =IF(Tarifs!$D$96=Tarifs!$B$102,"TOTAL Payable by the organization", "TOTAL Payable by the artist") -> TOTAL Payable by the artist
A69: To be completed manually | C69: Qt | G69: Rate | I69: Costs | K69: PRIM Support | M69: Payable
F70: x | G70: 0 | H70: = | I70: =IF(C70=0,0,C70*G70) -> 0 | J70: - | K70: 0 | L70: = | M70: =I70-K70 -> 0 | Z70: =M70 -> 0
F71: x | G71: 0 | H71: = | I71: =IF(C71=0,0,C71*G71) -> 0 | J71: - | K71: 0 | L71: = | M71: =I71-K71 -> 0 | Z71: =M71 -> 0
F72: x | G72: 0 | H72: = | I72: =IF(C72=0,0,C72*G72) -> 0 | J72: - | K72: 0 | L72: = | M72: =I72-K72 -> 0 | Z72: =M72 -> 0
F73: x | G73: 0 | H73: = | I73: =IF(C73=0,0,C73*G73) -> 0 | J73: - | K73: 0 | L73: = | M73: =I73-K73 -> 0 | Z73: =M73 -> 0
A74: TOTAL AUTRES BESOINS TECHNIQUES | I74: =SUM(I70:I73) -> 0 | J74: - | K74: =SUM(K70:K73) -> 0 | L74: = | M74: =SUM(M70:M73) -> 0 | Z74: =SUM(Z70:Z73) -> 0
A76: TOTALS | I76: Rooms, studios and equipements | T76: Technicians | Z76: =IF(Tarifs!$D$96=Tarifs!$B$102,"TOTAL Payable by the organization", "TOTAL Payable by the artist") -> TOTAL Payable by the artist
I77: Costs | K77: PRIM Support | M77: Payable | T77: Costs | V77: PRIM Support | X77: Payable
A78: Subtotal | I78: =SUM(I74,I66,I57,I45,I33,I20) -> 0 | J78: - | K78: =SUM(K74,K66,K57,K45,K33,K20) -> 0 | L78: = | M78: =SUM(M74,M66,M57,M45,M33,M20) -> 0 | T78: =SUM(T74,T66,T57,T45,T33,T20) -> 0 | U78: - | V78: =SUM(V74,V66,V57,V45,V33,V20) -> 0 | W78: = | X78: =SUM(X74,X66,X57,X45,X33,X20) -> 0 | Z78: =M78+X78 -> 0
A79: Administration Fees (10%) | E79: =M78 -> 0 | F79: x | G79: 0.1 | H79: = | I79: =E79*G79 -> 0 | J79: - | K79: 0 | L79: = | M79: =I79-K79 -> 0 | P79: =X78 -> 0 | Q79: x | R79: 0.1 | S79: = | T79: =P79*R79 -> 0 | U79: - | V79: 0 | W79: = | X79: =T79-V79 -> 0 | Z79: =M79+X79 -> 0
A80: GRAND TOTAL | I80: =SUM(I78:I79) -> 0 | J80: - | K80: =SUM(K78:K79) -> 0 | L80: = | M80: =SUM(M78:M79) -> 0 | T80: =SUM(T78:T79) -> 0 | U80: - | V80: =SUM(V78:V79) -> 0 | W80: = | X80: =SUM(X78:X79) -> 0 | Z80: =SUM(Z78:Z79) -> 0
K81: Amount to be reported in the application form ↑

Sheet INSTRUCTIONS & EXAMPLE
C1: Help filling out the form
C3: 1. Choose the support program and 2. Indicate the duration of the work | O3: Support Program: | P3: Creation Assistance
C4: 3. Choose the rooms or equipment you want from column A. | O4: Project Title:
A5: ESTIMATING TECHNICAL REQUIREMENTS | C5: 4. Choose in column B which technician you want to work with | O5: Artist's name: | P5: John Doe
D6: This choice is essential because it determines the applicable discount. | O6: Duration of the work: | P6: 65 | Q6: min. | S6: Pratique :
C7: 5. Indicate the quantities or number of hours you estimate you will need (col. C and D) | O7: Valeur Résidence ou prix : | T7: =IFERROR(VLOOKUP($T$6,Tarifs!$A$110:$E$114,IF(DUREE<60,3,5),FALSE),"")
A8: EXAMPLE - DO NOT USE THIS TABLE | C8: The costs of renting rooms and equipment will be calculated in columns G to M and those associated with technicians' fees in columns O to X. | O8: Honoraires tech. Inclus :
AA10: Validation | AB10: Aides programmes | AC10: Aide residence | AD10: Solde Res | AE10: Différence | AF10: TOTAL AIDE SALLES | AG10: Aide Tech Res | AH10: Solde techs | AI10: TOTAL AIDE TECHS
A11: FILMING EQUIPMENT RENTAL | G11: Equipements | Z11: =IF(Tarifs!$D$96=Tarifs!$B$102,"TOTAL Payable by the organization", "TOTAL Payable by the artist") -> TOTAL Payable by the artist | AB11: 0.5 | AE11: 0.5
A12: Equipment | C12: Qt | E12: Duration | G12: Rate | I12: Costs | K12: =IFERROR(IF(OR($P$3=Tarifs!$A$94,$P$3=Tarifs!$A$95),"PRIM Support","PRIM Support "&VLOOKUP($P$3,Tarifs!$A$94:$C$104,3,FALSE)*100&"%"),"PRIM Support") -> PRIM Support 75% | M12: Payable | AC12: 0 | AD12: 0 | AH12: 0
A13: Caméra KIT 1 (Panasonic EVA-1 camera + 3 Canon lenses + Rig Shape + Atomos Shogun recorder + Sachtler tripod + batteries + 2 x 128 GB cards) | C13: 1 | E13: Week | F13: x | G13: =IF(OR(A13="",E13=""),0,(VLOOKUP(A13,Tarifs!A$48:E$83,IF(E13="Day",2,IF(E13="Weekend",3,IF(E13="Week",4,IF(E13="Month",5,"")))),FALSE))) -> 1600 | H13: = | I13: =C13*G13 -> 1600 | J13: - | K13: =AI13 -> 1200 | L13: = | M13: =I13-K13 -> 400 | Z13: =M13 -> 400 | AB13: 1200 | AC13: 0 | AD13: 0 | AE13: 800 | AF13: 1200 | AG13: 0 | AH13: 0 | AI13: 1200
A14: Shooting audio KIT (Sound Devices MixPre-10T + Sennheiser MKH 60 Microphone + zeppelin + fur + boom + 2 Lavalier microphones) | C14: 4 | E14: Day | F14: x | G14: =IF(OR(A14="",E14=""),0,(VLOOKUP(A14,Tarifs!A$48:E$83,IF(E14="Day",2,IF(E14="Weekend",3,IF(E14="Week",4,IF(E14="Month",5,"")))),FALSE))) -> 200 | H14: = | I14: =C14*G14 -> 800 | J14: - | K14: =AI14 -> 600 | L14: = | M14: =I14-K14 -> 200 | Z14: =M14 -> 200 | AB14: 600 | AC14: 0 | AD14: 0 | AE14: 400 | AF14: 600 | AG14: 0 | AH14: 0 | AI14: 600
F15: x | G15: =IF(OR(A15="",E15=""),0,(VLOOKUP(A15,Tarifs!A$48:E$83,IF(E15="Day",2,IF(E15="Weekend",3,IF(E15="Week",4,IF(E15="Month",5,"")))),FALSE))) -> 0 | H15: = | I15: =C15*G15 -> 0 | J15: - | K15: =AI15 -> 0 | L15: = | M15: =I15-K15 -> 0 | Z15: =M15 -> 0 | AB15: 0 | AC15: 0 | AD15: 0 | AE15: 0 | AF15: 0 | AG15: 0 | AH15: 0 | AI15: 0
F16: x | G16: =IF(OR(A16="",E16=""),0,(VLOOKUP(A16,Tarifs!A$48:E$83,IF(E16="Day",2,IF(E16="Weekend",3,IF(E16="Week",4,IF(E16="Month",5,"")))),FALSE))) -> 0 | H16: = | I16: =C16*G16 -> 0 | J16: - | K16: =AI16 -> 0 | L16: = | M16: =I16-K16 -> 0 | Z16: =M16 -> 0 | AB16: 0 | AC16: 0 | AD16: 0 | AE16: 0 | AF16: 0 | AG16: 0 | AH16: 0 | AI16: 0
F17: x | G17: =IF(OR(A17="",E17=""),0,(VLOOKUP(A17,Tarifs!A$48:E$83,IF(E17="Day",2,IF(E17="Weekend",3,IF(E17="Week",4,IF(E17="Month",5,"")))),FALSE))) -> 0 | H17: = | I17: =C17*G17 -> 0 | J17: - | K17: =AI17 -> 0 | L17: = | M17: =I17-K17 -> 0 | Z17: =M17 -> 0 | AB17: 0 | AC17: 0 | AD17: 0 | AE17: 0 | AF17: 0 | AG17: 0 | AH17: 0 | AI17: 0
F18: x | G18: =IF(OR(A18="",E18=""),0,(VLOOKUP(A18,Tarifs!A$48:E$83,IF(E18="Day",2,IF(E18="Weekend",3,IF(E18="Week",4,IF(E18="Month",5,"")))),FALSE))) -> 0 | H18: = | I18: =C18*G18 -> 0 | J18: - | K18: =AI18 -> 0 | L18: = | M18: =I18-K18 -> 0 | Z18: =M18 -> 0 | AB18: 0 | AC18: 0 | AD18: 0 | AE18: 0 | AF18: 0 | AG18: 0 | AH18: 0 | AI18: 0
F19: x | G19: =IF(OR(A19="",E19=""),0,(VLOOKUP(A19,Tarifs!A$48:E$83,IF(E19="Day",2,IF(E19="Weekend",3,IF(E19="Week",4,IF(E19="Month",5,"")))),FALSE))) -> 0 | H19: = | I19: =C19*G19 -> 0 | J19: - | K19: =AI19 -> 0 | L19: = | M19: =I19-K19 -> 0 | Z19: =M19 -> 0 | AB19: 0 | AC19: 0 | AD19: 0 | AE19: 0 | AF19: 0 | AG19: 0 | AH19: 0 | AI19: 0
A20: TOTAL LOCATION ÉQUIPEMENTS DE TOURNAGE | I20: =SUM(I13:I19) -> 2400 | J20: - | K20: =SUM(K13:K19) -> 1800 | L20: = | M20: =SUM(M13:M19) -> 600 | Z20: =SUM(Z13:Z19) -> 600
A22: IMAGE POST-PRODUCTION | B22: PRIM Technician Choice This choice has an impact on the discount (PRIM Support) | G22: Rooms and equipments | R22: Technicians | Z22: =IF(Tarifs!$D$96=Tarifs!$B$102,"TOTAL Payable by the organization", "TOTAL Payable by the artist") -> TOTAL Payable by the artist
A23: Rooms and equipments | C23: Number of hours | G23: Rate | I23: Costs | K23: =IFERROR(IF(OR($P$3=Tarifs!$A$94,$P$3=Tarifs!$A$95),"PRIM Support","PRIM Support "&VLOOKUP($P$3,Tarifs!$A$94:$C$104,3,FALSE)*100&"%"),"PRIM Support") -> PRIM Support 75% | M23: Payable | O23: PRIM Technicians | P23: Number of hours | R23: Rate | T23: Costs | V23: PRIM Support | X23: Payable
A24: Color grading room with 4K projector, 154'' screen | B24: Colorist | C24: 80 | F24: x | G24: =IF(A24="",0,VLOOKUP(A24,Tarifs!A$3:E$21,2,FALSE)) -> 150 | H24: = | I24: =C24*G24 -> 12000 | J24: - | K24: =AF24 -> 9000 | L24: = | M24: =I24-K24 -> 3000 | O24: =IF(B24=0,"",B24) -> Colorist | P24: =IF(OR(B24=Tarifs!$A$35,B24=Tarifs!$A$36,B24=""),"", C24) -> 80 | Q24: x | R24: =IF(OR(B24="",B24=" "),0,VLOOKUP(B24,Techs_Images_Tarifs,2,FALSE)) -> 45 | S24: = | T24: =IF(P24="",0,R24*P24) -> 3600 | U24: - | V24: =IF(OR(T24=0,$P$8=0),0,IF(Tarifs!D$96=8,IF(P$8>T24,T24,P$8),0)) -> 0 | W24: = | X24: =T24-V24 -> 3600 | Z24: =M24+X24 -> 6600 | AA24: Tech PRIM | AB24: 9000 | AC24: 0 | AD24: 0 | AE24: 6000 | AF24: 9000 | AG24: 0 | AH24: 0 | AI24: 0
A25: Offline editing room | B25: -- I work my external technician | C25: 120 | F25: x | G25: =IF(A25="",0,VLOOKUP(A25,Tarifs!A$3:E$21,2,FALSE)) -> 30 | H25: = | I25: =C25*G25 -> 3600 | J25: - | K25: =AF25 -> 2700 | L25: = | M25: =I25-K25 -> 900 | O25: =IF(B25=0,"",B25) -> -- I work my external technician | P25: =IF(OR(B25=Tarifs!$A$35,B25=Tarifs!$A$36,B25=""),"", C25) | Q25: x | R25: =IF(B25="",0,VLOOKUP(B25,Techs_Images_Tarifs,2,FALSE)) -> 0 | S25: = | T25: =IF(P25="",0,R25*P25) -> 0 | U25: - | V25: =IF(OR(T25=0,$P$8=0),0,IF(Tarifs!D$96=8,IF(P$8>T25,T25,P$8),0)) -> 0 | W25: = | X25: =T25-V25 -> 0 | Z25: =M25+X25 -> 900 | AB25: 2700 | AC25: 0 | AD25: 0 | AE25: 0 | AF25: 2700 | AG25: 0 | AH25: 0 | AI25: 0
F26: x | G26: =IF(A26="",0,VLOOKUP(A26,Tarifs!A$3:E$21,2,FALSE)) -> 0 | H26: = | I26: =C26*G26 -> 0 | J26: - | K26: =AF26 -> 0 | L26: = | M26: =I26-K26 -> 0 | O26: =IF(B26=0,"",B26) | P26: =IF(OR(B26=Tarifs!$A$35,B26=Tarifs!$A$36,B26=""),"", C26) | Q26: x | R26: =IF(B26="",0,VLOOKUP(B26,Techs_Images_Tarifs,2,FALSE)) -> 0 | S26: = | T26: =IF(P26="",0,R26*P26) -> 0 | U26: - | V26: =IF(OR(T26=0,$P$8=0),0,IF(Tarifs!D$96=8,IF(P$8>T26,T26,P$8),0)) -> 0 | W26: = | X26: =T26-V26 -> 0 | Z26: =M26+X26 -> 0 | AB26: 0 | AC26: 0 | AD26: 0 | AE26: 0 | AF26: 0 | AG26: 0 | AH26: 0 | AI26: 0
F27: x | G27: =IF(A27="",0,VLOOKUP(A27,Tarifs!A$3:E$21,2,FALSE)) -> 0 | H27: = | I27: =C27*G27 -> 0 | J27: - | K27: =AF27 -> 0 | L27: = | M27: =I27-K27 -> 0 | O27: =IF(B27=0,"",B27) | P27: =IF(OR(B27=Tarifs!$A$35,B27=Tarifs!$A$36,B27=""),"", C27) | Q27: x | R27: =IF(B27="",0,VLOOKUP(B27,Techs_Images_Tarifs,2,FALSE)) -> 0 | S27: = | T27: =IF(P27="",0,R27*P27) -> 0 | U27: - | V27: =IF(OR(T27=0,$P$8=0),0,IF(Tarifs!D$96=8,IF(P$8>T27,T27,P$8),0)) -> 0 | W27: = | X27: =T27-V27 -> 0 | Z27: =M27+X27 -> 0 | AB27: 0 | AC27: 0 | AD27: 0 | AE27: 0 | AF27: 0 | AG27: 0 | AH27: 0 | AI27: 0
F28: x | G28: =IF(A28="",0,VLOOKUP(A28,Tarifs!A$3:E$21,2,FALSE)) -> 0 | H28: = | I28: =C28*G28 -> 0 | J28: - | K28: =AF28 -> 0 | L28: = | M28: =I28-K28 -> 0 | O28: =IF(B28=0,"",B28) | P28: =IF(OR(B28=Tarifs!$A$35,B28=Tarifs!$A$36,B28=""),"", C28) | Q28: x | R28: =IF(B28="",0,VLOOKUP(B28,Techs_Images_Tarifs,2,FALSE)) -> 0 | S28: = | T28: =IF(P28="",0,R28*P28) -> 0 | U28: - | V28: =IF(OR(T28=0,$P$8=0),0,IF(Tarifs!D$96=8,IF(P$8>T28,T28,P$8),0)) -> 0 | W28: = | X28: =T28-V28 -> 0 | Z28: =M28+X28 -> 0 | AB28: 0 | AC28: 0 | AD28: 0 | AE28: 0 | AF28: 0 | AG28: 0 | AH28: 0 | AI28: 0
F29: x | G29: =IF(A29="",0,VLOOKUP(A29,Tarifs!A$3:E$21,2,FALSE)) -> 0 | H29: = | I29: =C29*G29 -> 0 | J29: - | K29: =AF29 -> 0 | L29: = | M29: =I29-K29 -> 0 | O29: =IF(B29=0,"",B29) | P29: =IF(OR(B29=Tarifs!$A$35,B29=Tarifs!$A$36,B29=""),"", C29) | Q29: x | R29: =IF(B29="",0,VLOOKUP(B29,Techs_Images_Tarifs,2,FALSE)) -> 0 | S29: = | T29: =IF(P29="",0,R29*P29) -> 0 | U29: - | V29: =IF(OR(T29=0,$P$8=0),0,IF(Tarifs!D$96=8,IF(P$8>T29,T29,P$8),0)) -> 0 | W29: = | X29: =T29-V29 -> 0 | Z29: =M29+X29 -> 0 | AB29: 0 | AC29: 0 | AD29: 0 | AE29: 0 | AF29: 0 | AG29: 0 | AH29: 0 | AI29: 0
F30: x | G30: =IF(A30="",0,VLOOKUP(A30,Tarifs!A$3:E$21,2,FALSE)) -> 0 | H30: = | I30: =C30*G30 -> 0 | J30: - | K30: =AF30 -> 0 | L30: = | M30: =I30-K30 -> 0 | O30: =IF(B30=0,"",B30) | P30: =IF(OR(B30=Tarifs!$A$35,B30=Tarifs!$A$36,B30=""),"", C30) | Q30: x | R30: =IF(B30="",0,VLOOKUP(B30,Techs_Images_Tarifs,2,FALSE)) -> 0 | S30: = | T30: =IF(P30="",0,R30*P30) -> 0 | U30: - | V30: =IF(OR(T30=0,$P$8=0),0,IF(Tarifs!D$96=8,IF(P$8>T30,T30,P$8),0)) -> 0 | W30: = | X30: =T30-V30 -> 0 | Z30: =M30+X30 -> 0 | AB30: 0 | AC30: 0 | AD30: 0 | AE30: 0 | AF30: 0 | AG30: 0 | AH30: 0 | AI30: 0
F31: x | G31: =IF(A31="",0,VLOOKUP(A31,Tarifs!A$3:E$21,2,FALSE)) -> 0 | H31: = | I31: =C31*G31 -> 0 | J31: - | K31: =AF31 -> 0 | L31: = | M31: =I31-K31 -> 0 | O31: =IF(B31=0,"",B31) | P31: =IF(OR(B31=Tarifs!$A$35,B31=Tarifs!$A$36,B31=""),"", C31) | Q31: x | R31: =IF(B31="",0,VLOOKUP(B31,Techs_Images_Tarifs,2,FALSE)) -> 0 | S31: = | T31: =IF(P31="",0,R31*P31) -> 0 | U31: - | V31: =IF(OR(T31=0,$P$8=0),0,IF(Tarifs!D$96=8,IF(P$8>T31,T31,P$8),0)) -> 0 | W31: = | X31: =T31-V31 -> 0 | Z31: =M31+X31 -> 0 | AB31: 0 | AC31: 0 | AD31: 0 | AE31: 0 | AF31: 0 | AG31: 0 | AH31: 0 | AI31: 0
A32: =Tarifs!A11 -> Data management fee (flat fee) | B32: Included | C32: =IF(SUM(I24:I31)>=4000,1,0) -> 1 | F32: x | G32: =IF(C32=0,0,VLOOKUP(A32,Tarifs!A$3:E$21,2,FALSE)) -> 100 | I32: =C32*G32 -> 100 | J32: - | K32: =AF32 -> 75 | M32: =I32-K32 -> 25 | Z32: =M32+X32 -> 25 | AB32: 75 | AC32: 0 | AD32: 0 | AE32: 0 | AF32: 75 | AG32: 0 | AH32: 0 | AI32: 0
A33: TOTAL IMAGE POST-PRODUCTION | I33: =SUM(I24:I32) -> 15700 | J33: - | K33: =SUM(K24:K32) -> 11775 | L33: = | M33: =SUM(M24:M32) -> 3925 | T33: =SUM(T24:T32) -> 3600 | U33: - | V33: =SUM(V24:V32) -> 0 | W33: = | X33: =SUM(X24:X32) -> 3600 | Z33: =SUM(Z24:Z32) -> 7525
A35: SOUND POST-PRODUCTION | B35: PRIM Technician Choice This choice has an impact on the discount (PRIM Support) | G35: Studios and equipements | R35: Technicians | Z35: =IF(Tarifs!$D$96=Tarifs!$B$102,"TOTAL Payable by the organization", "TOTAL Payable by the artist") -> TOTAL Payable by the artist
A36: Studios and equipements | C36: Number of hours | G36: Rate | I36: Costs | K36: =IFERROR(IF(OR($P$3=Tarifs!$A$94,$P$3=Tarifs!$A$95),"PRIM Support","PRIM Support "&VLOOKUP($P$3,Tarifs!$A$94:$C$104,3,FALSE)*100&"%"),"PRIM Support") -> PRIM Support 75% | M36: Payable | O36: PRIM Technicians | P36: Number of hours | R36: Rate | T36: Costs | V36: PRIM Support | X36: Payable
F37: x | G37: =IF(A37="",0,VLOOKUP(A37,Tarifs!A$3:E$21,2,FALSE)) -> 0 | H37: = | I37: =C37*G37 -> 0 | J37: - | K37: =AF37 -> 0 | L37: = | M37: =I37-K37 -> 0 | O37: =IF(B37=0,"",B37) | P37: =IF(OR(B37=Tarifs!$A$35,B37=Tarifs!$A$36,B37=""),"", C37) | Q37: x | R37: =IF(B37="",0,VLOOKUP(B37,Techs_son_Tarifs,2,FALSE)) -> 0 | S37: = | T37: =IF(P37="",0,R37*P37) -> 0 | U37: - | V37: =IF(OR(T37=0,$P$8=0),0,IF(Tarifs!D$96=8,IF(P$8>T37,T37,P$8),0)) -> 0 | W37: = | X37: =T37-V37 -> 0 | Z37: =M37+X37 -> 0 | AB37: 0 | AC37: 0 | AD37: 0 | AE37: 0 | AF37: 0 | AG37: 0 | AH37: 0 | AI37: 0
F38: x | G38: =IF(A38="",0,VLOOKUP(A38,Tarifs!A$3:E$21,2,FALSE)) -> 0 | H38: = | I38: =C38*G38 -> 0 | J38: + | K38: =AF38 -> 0 | L38: = | M38: =I38-K38 -> 0 | O38: =IF(B38=0,"",B38) | P38: =IF(OR(B38=Tarifs!$A$35,B38=Tarifs!$A$36,B38=""),"", C38) | Q38: x | R38: =IF(B38="",0,VLOOKUP(B38,Techs_son_Tarifs,2,FALSE)) -> 0 | S38: = | T38: =IF(P38="",0,R38*P38) -> 0 | U38: - | V38: =IF(OR(T38=0,$P$8=0),0,IF(Tarifs!D$96=8,IF(P$8>T38,T38,P$8),0)) -> 0 | W38: = | X38: =T38-V38 -> 0 | Z38: =M38+X38 -> 0 | AB38: 0 | AC38: 0 | AD38: 0 | AE38: 0 | AF38: 0 | AG38: 0 | AH38: 0 | AI38: 0
F39: x | G39: =IF(A39="",0,VLOOKUP(A39,Tarifs!A$3:E$21,2,FALSE)) -> 0 | H39: = | I39: =C39*G39 -> 0 | J39: + | K39: =AF39 -> 0 | L39: = | M39: =I39-K39 -> 0 | O39: =IF(B39=0,"",B39) | P39: =IF(OR(B39=Tarifs!$A$35,B39=Tarifs!$A$36,B39=""),"", C39) | Q39: x | R39: =IF(B39="",0,VLOOKUP(B39,Techs_son_Tarifs,2,FALSE)) -> 0 | S39: = | T39: =IF(P39="",0,R39*P39) -> 0 | U39: - | V39: =IF(OR(T39=0,$P$8=0),0,IF(Tarifs!D$96=8,IF(P$8>T39,T39,P$8),0)) -> 0 | W39: = | X39: =T39-V39 -> 0 | Z39: =M39+X39 -> 0 | AB39: 0 | AC39: 0 | AD39: 0 | AE39: 0 | AF39: 0 | AG39: 0 | AH39: 0 | AI39: 0
F40: x | G40: =IF(A40="",0,VLOOKUP(A40,Tarifs!A$3:E$21,2,FALSE)) -> 0 | H40: = | I40: =C40*G40 -> 0 | J40: + | K40: =AF40 -> 0 | L40: = | M40: =I40-K40 -> 0 | O40: =IF(B40=0,"",B40) | P40: =IF(OR(B40=Tarifs!$A$35,B40=Tarifs!$A$36,B40=""),"", C40) | Q40: x | R40: =IF(B40="",0,VLOOKUP(B40,Techs_son_Tarifs,2,FALSE)) -> 0 | S40: = | T40: =IF(P40="",0,R40*P40) -> 0 | U40: - | V40: =IF(OR(T40=0,$P$8=0),0,IF(Tarifs!D$96=8,IF(P$8>T40,T40,P$8),0)) -> 0 | W40: = | X40: =T40-V40 -> 0 | Z40: =M40+X40 -> 0 | AB40: 0 | AC40: 0 | AD40: 0 | AE40: 0 | AF40: 0 | AG40: 0 | AH40: 0 | AI40: 0
F41: x | G41: =IF(A41="",0,VLOOKUP(A41,Tarifs!A$3:E$21,2,FALSE)) -> 0 | H41: = | I41: =C41*G41 -> 0 | J41: + | K41: =AF41 -> 0 | L41: = | M41: =I41-K41 -> 0 | O41: =IF(B41=0,"",B41) | P41: =IF(OR(B41=Tarifs!$A$35,B41=Tarifs!$A$36,B41=""),"", C41) | Q41: x | R41: =IF(B41="",0,VLOOKUP(B41,Techs_son_Tarifs,2,FALSE)) -> 0 | S41: = | T41: =IF(P41="",0,R41*P41) -> 0 | U41: - | V41: =IF(OR(T41=0,$P$8=0),0,IF(Tarifs!D$96=8,IF(P$8>T41,T41,P$8),0)) -> 0 | W41: = | X41: =T41-V41 -> 0 | Z41: =M41+X41 -> 0 | AB41: 0 | AC41: 0 | AD41: 0 | AE41: 0 | AF41: 0 | AG41: 0 | AH41: 0 | AI41: 0
F42: x | G42: =IF(A42="",0,VLOOKUP(A42,Tarifs!A$3:E$21,2,FALSE)) -> 0 | H42: = | I42: =C42*G42 -> 0 | J42: + | K42: =AF42 -> 0 | L42: = | M42: =I42-K42 -> 0 | O42: =IF(B42=0,"",B42) | P42: =IF(OR(B42=Tarifs!$A$35,B42=Tarifs!$A$36,B42=""),"", C42) | Q42: x | R42: =IF(B42="",0,VLOOKUP(B42,Techs_son_Tarifs,2,FALSE)) -> 0 | S42: = | T42: =IF(P42="",0,R42*P42) -> 0 | U42: - | V42: =IF(OR(T42=0,$P$8=0),0,IF(Tarifs!D$96=8,IF(P$8>T42,T42,P$8),0)) -> 0 | W42: = | X42: =T42-V42 -> 0 | Z42: =M42+X42 -> 0 | AB42: 0 | AC42: 0 | AD42: 0 | AE42: 0 | AF42: 0 | AG42: 0 | AH42: 0 | AI42: 0
F43: x | G43: =IF(A43="",0,VLOOKUP(A43,Tarifs!A$3:E$21,2,FALSE)) -> 0 | H43: = | I43: =C43*G43 -> 0 | J43: + | K43: =AF43 -> 0 | L43: = | M43: =I43-K43 -> 0 | O43: =IF(B43=0,"",B43) | P43: =IF(OR(B43=Tarifs!$A$35,B43=Tarifs!$A$36,B43=""),"", C43) | Q43: x | R43: =IF(B43="",0,VLOOKUP(B43,Techs_son_Tarifs,2,FALSE)) -> 0 | S43: = | T43: =IF(P43="",0,R43*P43) -> 0 | U43: - | V43: =IF(OR(T43=0,$P$8=0),0,IF(Tarifs!D$96=8,IF(P$8>T43,T43,P$8),0)) -> 0 | W43: = | X43: =T43-V43 -> 0 | Z43: =M43+X43 -> 0 | AB43: 0 | AC43: 0 | AD43: 0 | AE43: 0 | AF43: 0 | AG43: 0 | AH43: 0 | AI43: 0
F44: x | G44: =IF(A44="",0,VLOOKUP(A44,Tarifs!A$3:E$21,2,FALSE)) -> 0 | H44: = | I44: =C44*G44 -> 0 | J44: + | K44: =AF44 -> 0 | L44: = | M44: =I44-K44 -> 0 | O44: =IF(B44=0,"",B44) | P44: =IF(OR(B44=Tarifs!$A$35,B44=Tarifs!$A$36,B44=""),"", C44) | Q44: x | R44: =IF(B44="",0,VLOOKUP(B44,Techs_son_Tarifs,2,FALSE)) -> 0 | S44: = | T44: =IF(P44="",0,R44*P44) -> 0 | U44: - | V44: =IF(OR(T44=0,$P$8=0),0,IF(Tarifs!D$96=8,IF(P$8>T44,T44,P$8),0)) -> 0 | W44: = | X44: =T44-V44 -> 0 | Z44: =M44+X44 -> 0 | AB44: 0 | AC44: 0 | AD44: 0 | AE44: 0 | AF44: 0 | AG44: 0 | AH44: 0 | AI44: 0
A45: TOTAL SOUND POST-PRODUCTION | I45: =SUM(I37:I44) -> 0 | J45: - | K45: =SUM(K37:K44) -> 0 | L45: = | M45: =SUM(M37:M44) -> 0 | T45: =SUM(T37:T44) -> 0 | U45: - | V45: =SUM(V37:V44) -> 0 | W45: = | X45: =SUM(X37:X44) -> 0 | Z45: =SUM(Z37:Z44) -> 0
A47: EXPORTS AND COPIES | G47: Rooms and equipments | R47: Technicians | Z47: =IF(Tarifs!$D$96=Tarifs!$B$102,"TOTAL Payable by the organization", "TOTAL Payable by the artist") -> TOTAL Payable by the artist
A48: Exports and digitalization | C48: Number of hours | G48: Rate | I48: Costs | K48: =IFERROR(IF(OR($P$3=Tarifs!$A$94,$P$3=Tarifs!$A$95),"PRIM Support","PRIM Support "&VLOOKUP($P$3,Tarifs!$A$94:$C$104,3,FALSE)*100&"%"),"PRIM Support") -> PRIM Support 75% | M48: Payable | O48: PRIM Technicians | P48: Number of hours | R48: Rate | T48: Costs | V48: PRIM Support | X48: Payable
A49: Exports and digitalization | F49: x | G49: =VLOOKUP(A49,Tarifs!A$3:E$21,2,FALSE) -> 50 | H49: = | I49: =C49*G49 -> 0 | J49: - | K49: =AF49 -> 0 | L49: = | M49: =I49-K49 -> 0 | O49: =Techs_TR -> Video Technician (Exports) | P49: =IF(C49<=1,C49,C49/2) -> 0 | Q49: x | R49: =Tarifs!B45 -> 30 | S49: = | T49: =IF(P49="",0,R49*P49) -> 0 | U49: - | V49: =IF(OR(T49=0,$P$8=0),0,IF(Tarifs!D$96=8,IF(P$8>T49,T49,P$8),0)) -> 0 | W49: = | X49: =T49-V49 -> 0 | Z49: =M49+X49 -> 0 | AB49: 0 | AC49: 0 | AD49: 0 | AE49: 0 | AF49: 0 | AG49: 0 | AH49: 0 | AI49: 0
A50: DCP | C50: Qt | E50: Durée | G50: Tarif | AB50: 0 | AC50: 0 | AD50: 0 | AE50: 0 | AF50: 0 | AG50: 0 | AH50: 0 | AI50: 0
A51: Medium and Feature Film - Master Print (Minute Rate) | C51: 1 | D51: x | E51: =IF(DUREE="",0,IF(DUREE<15,"N/A",DUREE)) -> 65 | F51: x | G51: =VLOOKUP(A51,Tarifs!A$20:E$30,2,FALSE) -> 20 | H51: = | I51: =IF(ISNUMBER(E51),C51*E51*G51,0) -> 1300 | J51: - | K51: =AF51 -> 975 | L51: = | M51: =I51-K51 -> 325 | O51: Included | Z51: =M51+X51 -> 325 | AB51: 975 | AC51: 0 | AD51: 0 | AE51: 0 | AF51: 975 | AG51: 0 | AH51: 0 | AI51: 0
A52: Closed captioning surcharge (per language; per-minute rate) | F52: x | G52: =VLOOKUP(A52,Tarifs!A$20:E$30,2,FALSE) -> 12 | H52: = | I52: =C52*G52 -> 0 | J52: - | K52: =AF52 -> 0 | L52: = | M52: =I52-K52 -> 0 | O52: Included | Z52: =M52+X52 -> 0 | AB52: 0 | AC52: 0 | AD52: 0 | AE52: 0 | AF52: 0 | AG52: 0 | AH52: 0 | AI52: 0
A53: Short film and trailer - Master copy (per copy) | F53: x | G53: =VLOOKUP(A53,Tarifs!A$20:E$30,2,FALSE) -> 300 | H53: = | I53: =C53*G53 -> 0 | J53: - | K53: =AF53 -> 0 | L53: = | M53: =I53-K53 -> 0 | O53: Included | Z53: =M53+X53 -> 0 | AB53: 0 | AC53: 0 | AD53: 0 | AE53: 0 | AF53: 0 | AG53: 0 | AH53: 0 | AI53: 0
A54: Archivage LTO | C54: Qt | AB54: 0 | AC54: 0 | AD54: 0 | AE54: 0 | AF54: 0 | AG54: 0 | AH54: 0 | AI54: 0
A55: LTO archive (less than 2 TB) | F55: x | G55: =VLOOKUP(A55,Tarifs!A$20:E$30,2,FALSE) -> 150 | H55: = | I55: =C55*G55 -> 0 | J55: - | K55: =AF55 -> 0 | L55: = | M55: =I55-K55 -> 0 | O55: Included | Z55: =M55+X55 -> 0 | AB55: 0 | AC55: 0 | AD55: 0 | AE55: 0 | AF55: 0 | AG55: 0 | AH55: 0 | AI55: 0
A56: LTO Archive (2TB+) | F56: x | G56: =VLOOKUP(A56,Tarifs!A$20:E$30,2,FALSE) -> 300 | H56: = | I56: =C56*G56 -> 0 | J56: - | K56: =AF56 -> 0 | L56: = | M56: =I56-K56 -> 0 | O56: Included | Z56: =M56+X56 -> 0 | AB56: 0 | AC56: 0 | AD56: 0 | AE56: 0 | AF56: 0 | AG56: 0 | AH56: 0 | AI56: 0
A57: TOTAL EXPORTS AND COPIES | I57: =SUM(I49:I56) -> 1300 | J57: - | K57: =SUM(K49:K56) -> 975 | L57: = | M57: =SUM(M49:M56) -> 325 | T57: =SUM(T49:T56) -> 0 | U57: - | V57: =SUM(V49:V56) -> 0 | W57: = | X57: =SUM(X49:X56) -> 0 | Z57: =SUM(Z49:Z56) -> 325
A59: DIGITAL MEDIA | Z59: =IF(Tarifs!$D$96=Tarifs!$B$102,"TOTAL Payable by the organization", "TOTAL Payable by the artist") -> TOTAL Payable by the artist
A60: Media | C60: Qt | G60: Rate | I60: Costs | K60: PRIM Support | M60: Payable
F61: x | G61: =IF(C61="",0,VLOOKUP(A61,Tarifs!A86:B92,2,FALSE)) -> 0 | H61: = | I61: =IFERROR(C61*G61,0) -> 0 | J61: - | K61: 0 | L61: = | M61: =I61-K61 -> 0 | Z61: =M61 -> 0
F62: x | G62: =IF(A62="",0,VLOOKUP(A62,Tarifs!A$86:B$92,2,FALSE)) -> 0 | H62: = | I62: =C62*G62 -> 0 | J62: - | K62: 0 | L62: = | M62: =I62-K62 -> 0 | Z62: =M62 -> 0
F63: x | G63: =IF(A63="",0,VLOOKUP(A63,Tarifs!A$86:B$92,2,FALSE)) -> 0 | H63: = | I63: =C63*G63 -> 0 | J63: - | K63: 0 | L63: = | M63: =I63-K63 -> 0 | Z63: =M63 -> 0
F64: x | G64: =IF(A64="",0,VLOOKUP(A64,Tarifs!A$86:B$92,2,FALSE)) -> 0 | H64: = | I64: =C64*G64 -> 0 | J64: - | K64: 0 | L64: = | M64: =I64-K64 -> 0 | Z64: =M64 -> 0
F65: x | G65: =IF(A65="",0,VLOOKUP(A65,Tarifs!A$86:B$92,2,FALSE)) -> 0 | H65: = | I65: =C65*G65 -> 0 | J65: - | K65: 0 | L65: = | M65: =I65-K65 -> 0 | Z65: =M65 -> 0
A66: TOTAL DISTRIBUTION MEDIA | I66: =SUM(I58:I65) -> 0 | J66: - | K66: =SUM(K58:K65) -> 0 | L66: = | M66: =SUM(M58:M65) -> 0 | Z66: =SUM(Z61:Z65) -> 0
A68: OTHER SERVICES | Z68: =IF(Tarifs!$D$96=Tarifs!$B$102,"TOTAL Payable by the organization", "TOTAL Payable by the artist") -> TOTAL Payable by the artist
A69: To be completed manually | C69: Qt | G69: Rate | I69: Costs | K69: PRIM Support | M69: Payable
F70: x | G70: 0 | H70: = | I70: =IF(C70=0,0,C70*G70) -> 0 | J70: - | K70: 0 | L70: = | M70: =I70-K70 -> 0 | Z70: =M70 -> 0
F71: x | G71: 0 | H71: = | I71: =IF(C71=0,0,C71*G71) -> 0 | J71: - | K71: 0 | L71: = | M71: =I71-K71 -> 0 | Z71: =M71 -> 0
F72: x | G72: 0 | H72: = | I72: =IF(C72=0,0,C72*G72) -> 0 | J72: - | K72: 0 | L72: = | M72: =I72-K72 -> 0 | Z72: =M72 -> 0
F73: x | G73: 0 | H73: = | I73: =IF(C73=0,0,C73*G73) -> 0 | J73: - | K73: 0 | L73: = | M73: =I73-K73 -> 0 | Z73: =M73 -> 0
A74: TOTAL AUTRES BESOINS TECHNIQUES | I74: =SUM(I70:I73) -> 0 | J74: - | K74: =SUM(K70:K73) -> 0 | L74: = | M74: =SUM(M70:M73) -> 0 | Z74: =SUM(Z70:Z73) -> 0
A76: TOTALS | I76: Rooms, studios and equipements | T76: Technicians | Z76: =IF(Tarifs!$D$96=Tarifs!$B$102,"TOTAL Payable by the organization", "TOTAL Payable by the artist") -> TOTAL Payable by the artist
I77: Costs | K77: PRIM Support | M77: Payable | T77: Costs | V77: PRIM Support | X77: Payable
A78: Subtotal | I78: =SUM(I74,I66,I57,I45,I33,I20) -> 19400 | J78: - | K78: =SUM(K74,K66,K57,K45,K33,K20) -> 14550 | L78: = | M78: =SUM(M74,M66,M57,M45,M33,M20) -> 4850 | T78: =SUM(T74,T66,T57,T45,T33,T20) -> 3600 | U78: - | V78: =SUM(V74,V66,V57,V45,V33,V20) -> 0 | W78: = | X78: =SUM(X74,X66,X57,X45,X33,X20) -> 3600 | Z78: =M78+X78 -> 8450
A79: Administration Fees (10%) | E79: =M78 -> 4850 | F79: x | G79: 0.1 | H79: = | I79: =E79*G79 -> 485 | J79: - | K79: 0 | L79: = | M79: =I79-K79 -> 485 | P79: =X78 -> 3600 | Q79: x | R79: 0.1 | S79: = | T79: =P79*R79 -> 360 | U79: - | V79: 0 | W79: = | X79: =T79-V79 -> 360 | Z79: =M79+X79 -> 845
A80: GRAND TOTAL | I80: =SUM(I78:I79) -> 19885 | J80: - | K80: =SUM(K78:K79) -> 14550 | L80: = | M80: =SUM(M78:M79) -> 5335 | T80: =SUM(T78:T79) -> 3960 | U80: - | V80: =SUM(V78:V79) -> 0 | W80: = | X80: =SUM(X78:X79) -> 3960 | Z80: =SUM(Z78:Z79) -> 9295
K81: Amount to be reported in the application form ↑

Sheet Tarifs
A2: Post prod image
A3: Offline editing room (assistance) | B3: 50 | D3: -- I work my external technician | E3: -- I work alone / without a technician | F3: Offline Editor Assistant
A4: Offline editing room | B4: 30 | D4: -- I work my external technician | E4: -- I work alone / without a technician
A5: Online editing room - conform, generics, subtitle integration, ... | B5: 80 | C5: x | D5: -- I work my external technician | E5: -- I work alone / without a technician | F5: Online Editor
A6: Color grading room with 4K projector, 154'' screen | B6: 150 | C6: x | D6: -- I work my external technician | E6: -- I work alone / without a technician | F6: Colorist | G6: Senior Colorist
A7: Color grading room on 65'' OLED screen | B7: 100 | C7: x | D7: -- I work my external technician | E7: -- I work alone / without a technician | F7: Colorist | G7: Senior Colorist
A8: Exploration in Digital Art (VR) | B8: 50 | D8: -- I work my external technician | E8: -- I work alone / without a technician
A9: Viewing - Colorization Room (2K projection, 154'' screen) | B9: 150 | D9: -- I work my external technician | E9: -- I work alone / without a technician | F9: Colorist | G9: Senior Colorist
A10: Viewing - Mixing Room (4K projection, 220" screen) | B10: 160 | D10: -- I work my external technician | E10: -- I work alone / without a technician | F10: Colorist | G10: Senior Colorist
A11: Data management fee (flat fee) | B11: 100
A12: Sound post production
A13: Sound Lab - Recording - Voice, Music, Sound Effects (without accessories) | B13: 80 | C13: x | D13: -- I work my external technician | E13: -- I work alone / without a technician | F13: Mixer / Audio Technician | G13: Senior Mixer / Audio Technician
A14: Sound Lab - Sound Exploration | B14: 80 | C14: x | D14: -- I work my external technician | E14: -- I work alone / without a technician | F14: Mixer / Audio Technician | G14: Senior Mixer / Audio Technician
A15: Sound editing room / recording booths without control room | B15: 30 | D15: -- I work my external technician | E15: -- I work alone / without a technician
A16: Cinema mixing studio | B16: 160 | C16: x | D16: -- I work my external technician | E16: -- I work alone / without a technician | F16: Mixer / Audio Technician | G16: Senior Mixer / Audio Technician
A17: Music Mixing Studio and Installations (Labo) | B17: 80 | C17: x | D17: -- I work my external technician | E17: -- I work alone / without a technician | F17: Mixer / Audio Technician | G17: Senior Mixer / Audio Technician
A18: Viewing - Mixing Room (4K projection, 220" screen) | B18: 160 | D18: -- I work my external technician | E18: -- I work alone / without a technician | F18: Mixer / Audio Technician | G18: Senior Mixer / Audio Technician
A19: VR Spatialization | B19: 50 | C19: x | D19: -- I work my external technician | E19: -- I work alone / without a technician | G19: Mixeur·euse / technicien·ne audio Senior
A20: Deliverables
A21: Exports and digitalization | B21: 50
A22: LTO Archiving
A23: LTO archive (less than 2 TB) | B23: 150 | F23: less than 2 TB
A24: LTO Archive (2TB+) | B24: 300 | F24: 2TB+
A25: DCP
A26: Medium and Feature Film - Master Print (Minute Rate) | B26: 20
A27: Closed captioning surcharge (per language; per-minute rate) | B27: 12
A28: Short film and trailer - Master copy (per copy) | B28: 300
A29: Subtitling supplement (by language; per copy) | B29: 180
A30: Additional Copy (per copy) | B30: 50
A31: OTHER SERVICES NOT CURRENTLY USED
A32: Sound design and editing (without sound bank) | B32: 20
A34: Technicians | B34: Jour | E34: Units
A35: -- I work my external technician | B35: 0
A36: -- I work alone / without a technician | B36: 0
A37: Colorist | B37: 45 | E37: Day
A38: Senior Colorist | B38: 65 | E38: Weekend
A39: Online Editor | B39: 40 | E39: Week
A40: Offline editing assistant | B40: 30 | E40: Month
A41: -- I work my external technician | B41: 0
A42: -- I work alone / without a technician | B42: 0
A43: Mixer / Audio Technician | B43: 45
A44: Senior Mixer / Audio Technician | B44: 65
A45: Video Technician (Exports) | B45: 30
A47: Équipement | B47: Day | C47: Weekend | D47: Week | E47: Month
A48: Caméra KIT 1 (Panasonic EVA-1 camera + 3 Canon lenses + Rig Shape + Atomos Shogun recorder + Sachtler tripod + batteries + 2 x 128 GB cards) | B48: 400 | C48: =ROUNDUP(B48*1.5,0) -> 600 | D48: =B48*4 -> 1600 | E48: =B48*15 -> 6000
A49: Caméra KIT 2 (Panasonic AG-AF 100P Camera + Olympus 14-35 mm F/2.0 lens + 4/3 adapter + ATOMOS Samurai recorder + Manfrotto Tripod + batteries ) | B49: 100 | C49: =ROUNDUP(B49*1.5,0) -> 150 | D49: =B49*4 -> 400 | E49: =B49*15 -> 1500
A50: Shooting audio KIT (Sound Devices MixPre-10T + Sennheiser MKH 60 Microphone + zeppelin + fur + boom + 2 Lavalier microphones) | B50: 200 | C50: =ROUNDUP(B50*1.5,0) -> 300 | D50: =B50*4 -> 800 | E50: =B50*15 -> 3000
A51: Free sound KIT (Sound Devices MixPre-6 mixer + Sennheiser MKH 60 microphone + zeppelin + fur + pole) | B51: 80 | C51: =ROUNDUP(B51*1.5,0) -> 120 | D51: =B51*4 -> 320 | E51: =B51*15 -> 1200
A52: Complete VR KIT (Insta360 Pro camera + batteries + tripod + VR headset + LG G4 phone + UltraSync One Sound Devices MixPre-10T mixer + 2 Lavalier microphones + Ambeo microphone + monopod ) | B52: 360 | C52: =ROUNDUP(B52*1.5,0) -> 540 | D52: =B52*4 -> 1440 | E52: =B52*15 -> 5400
A53: VR Camera KIT (Insta360 Pro camera + batteries + tripod + VR headset + LG G4 phone) | B53: 180 | C53: =ROUNDUP(B53*1.5,0) -> 270 | D53: =B53*4 -> 720 | E53: =B53*15 -> 2700
A54: VR SOUND AMBIANCE KIT (Sound Devices MixPr-6 mixer + Ambeo microphone + monopod) | B54: 170 | C54: =ROUNDUP(B54*1.5,0) -> 255 | D54: =B54*4 -> 680 | E54: =B54*15 -> 2550
A55: PANASONIC EVA-1 camera (+ tripod + batteries + 2 SDX 128 GB cards) | B55: 300 | C55: =ROUNDUP(B55*1.5,0) -> 450 | D55: =B55*4 -> 1200 | E55: =B55*15 -> 4500
A56: PANASONIC AG-AF 100P camera (+ tripod + batteries) | B56: 60 | C56: =ROUNDUP(B56*1.5,0) -> 90 | D56: =B56*4 -> 240 | E56: =B56*15 -> 900
A57: Lens adapter (micro 4/3 to 4/3) | B57: 20 | C57: =ROUNDUP(B57*1.5,0) -> 30 | D57: =B57*4 -> 80 | E57: =B57*15 -> 300
A58: Lens adapter (micro 4/3 to NIKON) | B58: 20 | C58: =ROUNDUP(B58*1.5,0) -> 30 | D58: =B58*4 -> 80 | E58: =B58*15 -> 300
A59: Canon 16-35mm F/2.8 lens | B59: 48 | C59: =ROUNDUP(B59*1.5,0) -> 72 | D59: =B59*4 -> 192 | E59: =B59*15 -> 720
... A83: Monopod | B83: 20 | C83: =ROUNDUP(B83*1.5,0) -> 30 | D83: =B83*4 -> 80 | E83: =B83*15 -> 300
A85: Distribution Media
A86: DVD-R | B86: 1
A87: Blu-Ray | B87: 4
A88: 512 GB USB drive | B88: 55
A89: 4TB hard drive | B89: 360
A90: 5TB hard drive | B90: 400
A91: 6TB hard drive | B91: 440
A92: LTO 6 Cartridge | B92: 70
A94: Choose the program from the list | B94: 1
A95: Non-member rate | B95: 1 | C95: 0 | E95: Rate | F95: Discount | G95: Rate after discount
A96: Member Rate | B96: 2 | C96: 0.5 | D96: =IFERROR(VLOOKUP('TECHNICAL REQUIREMENTS - PRIM'!P3,A94:B104,2,FALSE),1) -> 1 | E96: =IF(D96=1,A95,IF(D96=2,A96,IF(OR(D96=3,D96=4,D96=5,D96=8,D96=9),A97,IF(D96=6,A100,IF(D96=7,A101,A104))))) -> Non-member rate | F96: =100%-VLOOKUP(D96,B95:C104,2,FALSE) -> 1 | G96: =VLOOKUP(D96,B95:C104,2,FALSE) -> 0
A97: Creation Assistance | B97: 3 | C97: 0.75 | D97: 1
A98: ECHOES Creation Assistance | B98: 4 | C98: 0.75
A99: ECHOES Creation Assistance with ECHOES + | B99: 5 | C99: 0.75
A100: Doc at risk | B100: 6 | C100: 0.85
A101: Research and Exploration | B101: 7 | C101: 0.9
A102: Organizations Assistance | B102: 8 | C102: 0.75
A103: Distribution Assistance | B103: 9 | C103: 0.75
A104: Residency and Award | B104: 10 | C104: 1
A107: Settings for ECHOS residences | C107: Durée bascule | D107: 60
B108: SHORT | D108: LONG
B109: Max Sem. | C109: Max | D109: Max sem. | E109: Max $
A110: Documentaire | B110: 5 | C110: =B110*$B$4*40 -> 6000 | D110: 16 | E110: =D110*$B$4*40 -> 19200
A111: Expérimental | B111: 5 | C111: =B111*$B$4*40 -> 6000 | D111: 16 | E111: =D111*$B$4*40 -> 19200
A112: Fiction | B112: 3 | C112: =B112*$B$4*40 -> 3600 | D112: 12 | E112: =D112*$B$4*40 -> 14400
A113: Autre | B113: 3 | C113: =B113*$B$4*40 -> 3600 | D113: 12 | E113: =D113*$B$4*40 -> 14400
